 Dungeon Crawl Stone Soup version 0.29.1-15-g9cfb28693d (webtiles) character file.

Game seed: 6451169070269153625

5059277 GeoRichter the Ruinous (level 27, 247/247 HPs)
             Began as a Demonspawn Enchanter on Mar 17, 2023.
             Was the Champion of Ashenzari.
             Escaped with the Orb
             ... and 7 runes on Mar 18, 2023!
             The game lasted 05:00:58 (80378 turns).

GeoRichter the Ruinous (Demonspawn Enchanter)      Turns: 80378, Time: 05:00:58

Health: 247/247    AC: 29    Str: 19    XL:     27
Magic:  47/47      EV: 32    Int: 37    God:    Ashenzari [******]
Gold:   8743       SH: 24    Dex: 22    Spells: 16/77 levels left

rFire   + + +      SeeInvis +   b - +9 dagger of Toth-Mos's Legacy {drain, rC++ Str+3 Int+4, Self, Comp} (curse)
rCold   + + +      Faith    .   Z - +1 tower shield of the Lashed Gloom {+Blink rF++, Fort, Cun} (curse)
rNeg    + + .      Spirit   .   F - +5 steam dragon scales of Ashenzari's Irritation {Comp, Alch} (curse)
rPois   +          Reflect  .   (helmet unavailable)
rElec   +          Harm     .   O - +2 cloak of Ashenzari's Anxiety {Self, Comp} (curse)
rCorr   .          Rampage  .   n - +1 pair of gloves of Supernal Gnosis {Drain Str+4 Dex+7, Cun, Self} (curse)
Will    +++..      Clarity  +   A - +2 pair of boots of the Celestial Seer {rC+, Elem, Bglg} (curse)
Stlth   +++.......              u - amulet "Chagrin of Ashenzari" {RegenMP, Self, Comp} (curse)
HPRegen 0.51/turn               E - ring "Shackled With Me" {Fire Fly rElec rN++, Cun, Bglg} (curse)
MPRegen 0.70/turn               X - ring of Supernal Gnosis {rC+ Str+3 Int+4, Self, Evo} (curse)

@: flying, studying 3 skills
A: horns 3, slimy green scales 3, hurl damnation, ignite blood 3, powered by
death 3, torment resistance 1, demonic willpower, low MP 1
0: Orb of Zot
}: 7/15 runes: decaying, serpentine, slimy, silver, abyssal, demonic, fiery
a: Hurl Damnation, Renounce Religion, Evoke Blink, Shatter the Chains


You escaped.
You worshipped Ashenzari.
Ashenzari was exalted by your worship.
You visited 12 branches of the dungeon, and saw 58 of its levels.
You visited Pandemonium 1 time, and saw 5 of its levels.
You visited the Abyss 2 times.
You completed 1 ziggurat, and saw 27 of its levels.
You also visited: Trove, Ice Cave and Desolation.

You collected 12477 gold pieces.
You spent 3734 gold pieces at shops.

Inventory:

Hand Weapons
 b - the cursed +9 dagger of Toth-Mos's Legacy (weapon) {drain, rC++ Str+3 Int+4, Self, Comp}
   (You found it on level 23 of a ziggurat)

   A truly terrible weapon, it drains the life of any living foe it strikes.
   Str:       It affects your strength (+3).
   Int:       It affects your intelligence (+4).
   rC:        It greatly protects you from cold.
   It has a curse which improves the following skills: Introspection: Fighting
   and Spellcasting.
   Companions: Summonings and Necromancy.
 d - the +9 staff of Wucad Mu {*channel}
   (You found it on level 24 of a ziggurat)

   It occasionally powers its wielder's spells, but with a chance of causing
   confusion or draining the wielder's intelligence.
   It becomes more likely to activate and less likely to backfire with increased
   Evocations skill.
 g - the +9 short sword of Amorality {vorpal, Will+ rCorr Str+2 Int+2}
   (You found it on level 20 of a ziggurat)

   It inflicts extra damage upon your enemies.
   Str:       It affects your strength (+2).
   Int:       It affects your intelligence (+2).
   rCorr:     It protects you from acid and corrosion.
   Will:      It increases your willpower.
 h - the +5 double sword of Ash {speed, rPois}
   (You subdued it on level 2 of the Realm of Zot)

   Attacks with this weapon are significantly faster.
   rPois:     It protects you from poison.
Missiles
 o - 10 silver javelins
Armour
 n - the cursed +1 pair of gloves of Supernal Gnosis (worn) {Drain Str+4 Dex+7, Cun, Self}
   (You bought it in a shop on level 1 of the Elven Halls)

   Str:       It affects your strength (+4).
   Dex:       It affects your dexterity (+7).
   Drain:     It drains your maximum health when unequipped.
   It has a curse which improves the following skills: Cunning: Dodging and
   Stealth.
   Introspection: Fighting and Spellcasting.
 A - the cursed +2 pair of boots of the Celestial Seer (worn) {rC+, Elem, Bglg}
   (You found it in a treasure trove)

   rC:        It protects you from cold.
   It has a curse which improves the following skills: Elements: Fire Magic, Ice
   Magic, Air Magic and Earth Magic.
   Beguiling: Conjurations, Hexes and Translocations.
 C - a scarf of resistance
   (You found it on level 24 of a ziggurat)
 F - the cursed +5 steam dragon scales of Ashenzari's Irritation (worn) {Comp, Alch}
   (You took it off Maggie on level 8 of the Dungeon)

   It has a curse which improves the following skills: Companions: Summonings
   and Necromancy.
   Alchemy:   Poison Magic and Transmutations.
 O - the cursed +2 cloak of Ashenzari's Anxiety (worn) {Self, Comp}
   (You found it on level 3 of the Elven Halls)

   It has a curse which improves the following skills: Introspection: Fighting
   and Spellcasting.
   Companions: Summonings and Necromancy.
 T - the +18 shield of the Gong {rElec rN+ Will+ EV-5}
   (You found it in a treasure trove)

   It is deafeningly noisy when blocking attacks.
   EV:        It affects your evasion (-5).
   rElec:     It insulates you from electricity.
   rN:        It protects you from negative energy.
   Will:      It increases your willpower.
 W - an orb of mayhem
   (You found it on level 14 of the Dungeon)
 Z - the cursed +1 tower shield of the Lashed Gloom (worn) {+Blink rF++, Fort, Cun}
   (You found it on level 3 of the Snake Pit)

   rF:        It greatly protects you from fire.
   +Blink:    It lets you blink.
   It has a curse which improves the following skills: Fortitude: Armour and
   Shields.
   Cunning:   Dodging and Stealth.
Jewellery
 c - the ring of Roaqyodinn {Fly rF+ rC+++ Int-3 Dex+4}
   (You found it on level 11 of a ziggurat)

   [ring of protection from fire]

   Int:       It affects your intelligence (-3).
   Dex:       It affects your dexterity (+4).
   rF:        It protects you from fire.
   rC:        It renders you almost immune to cold.
   Fly:       It grants you flight.
 q - the ring "Zoranolo" {rPois rF+ Int+6 Dex+2}
   (You found it in the Desolation of Salt)

   [ring of intelligence]

   Int:       It affects your intelligence (+6).
   Dex:       It affects your dexterity (+2).
   rF:        It protects you from fire.
   rPois:     It protects you from poison.
 u - the cursed amulet "Chagrin of Ashenzari" (around neck) {RegenMP, Self, Comp}
   (You bought it in a shop on level 1 of the Elven Halls)

   [amulet of magic regeneration]

   It increases your rate of magic regeneration.
   It has a curse which improves the following skills: Introspection: Fighting
   and Spellcasting.
   Companions: Summonings and Necromancy.
 v - the amulet "Xifracki" {RegenMP Harm rC- Int+4}
   (You found it on level 5 of the Pits of Slime)

   [amulet of magic regeneration]

   It increases your rate of magic regeneration.
   Int:       It affects your intelligence (+4).
   rC:        It makes you vulnerable to cold.
   Harm:      It increases damage dealt and taken.
 y - the ring of the Sparrow {Contam rN+ Will++ Int+2 Stlth+}
   (You found it on level 21 of a ziggurat)

   [ring of positive energy]

   Int:       It affects your intelligence (+2).
   rN:        It protects you from negative energy.
   Contam:    It causes magical contamination when unequipped.
   Will:      It greatly increases your willpower.
   Stlth:     It makes you more stealthy.
 E - the cursed ring "Shackled With Me" (left hand) {Fire Fly rElec rN++, Cun, Bglg}
   (You acquired it on level 5 of the Vaults)

   [ring of fire]

   It enhances your fire magic.
   rF:        It protects you from fire.
   rC:        It makes you vulnerable to cold.
   rElec:     It insulates you from electricity.
   rN:        It greatly protects you from negative energy.
   Fly:       It grants you flight.
   It has a curse which improves the following skills: Cunning: Dodging and
   Stealth.
   Beguiling: Conjurations, Hexes and Translocations.
 R - the ring "Nukhlemmu" {rElec rCorr Int+6}
   (You took it off a deep elf death mage on level 3 of the Elven Halls)

   [ring of intelligence]

   Int:       It affects your intelligence (+6).
   rElec:     It insulates you from electricity.
   rCorr:     It protects you from acid and corrosion.
 S - the ring "Puogur" {rElec rC+ Will+}
   (You found it on level 21 of a ziggurat)

   [ring of protection from cold]

   rC:        It protects you from cold.
   rElec:     It insulates you from electricity.
   Will:      It increases your willpower.
 X - the cursed ring of Supernal Gnosis (right hand) {rC+ Str+3 Int+4, Self, Evo}
   (You found it in an ice cave)

   [ring of protection from cold]

   Str:       It affects your strength (+3).
   Int:       It affects your intelligence (+4).
   rC:        It protects you from cold.
   It has a curse which improves the following skills: Introspection: Fighting
   and Spellcasting.
   Evocations: Evocations.
 Y - the ring "Zidoch" {rElec rF++ Will+}
   (You found it in Pandemonium)

   [ring of willpower]

   rF:        It greatly protects you from fire.
   rElec:     It insulates you from electricity.
   Will:      It increases your willpower.
Wands
 k - a wand of acid (31)
   (You found it on level 5 of the Dungeon)
 m - a wand of flame (96)
   (You found it on level 11 of the Dungeon)
 B - a wand of digging (18)
   (You found it on level 6 of the Dungeon)
 D - a wand of polymorph (16)
   (You found it on level 1 of the Swamp)
Scrolls
 p - 7 scrolls of amnesia
 s - 11 scrolls of magic mapping
 w - 15 scrolls of fog
 x - 6 scrolls of enchant armour
 G - 4 scrolls of silence
 H - 13 scrolls of immolation {!r}
 K - 8 scrolls of fear
 L - 7 scrolls of vulnerability {!r}
 M - 10 scrolls of noise {!r}
 V - 21 scrolls of teleportation {@r4}
Potions
 e - 35 potions of mutation {!q}
 f - 23 potions of curing {@q1}
 i - 16 potions of heal wounds {@q2}
 j - 11 potions of flight
 l - 13 potions of cancellation
 r - 7 potions of resistance
 t - 17 potions of lignification {!q}
 J - 25 potions of ambrosia
 N - 6 potions of might
 Q - 3 potions of brilliance
 U - 2 potions of invisibility
Miscellaneous
 a - a +1 figurine of a ziggurat {!*}
 I - a phantom mirror
   (You found it on level 2 of the Vaults)
 P - a condenser vane
   (You found it on level 3 of the Lair of Beasts)


   Skills:
 - Level 19.9(26.8) Fighting
 - Level 10.0 Short Blades
 - Level 18.0(20.4) Armour
 + Level 20.3(25.0) Dodging
 + Level 16.8(21.8) Stealth
 - Level 17.3(19.7) Shields
 - Level 18.8(25.8) Spellcasting
 - Level 22.8(26.3) Conjurations
 - Level 7.2(11.2) Hexes
 - Level 22.2(27) Summonings
 - Level 16.5(22.6) Necromancy
 - Level 5.0(8.7) Translocations
 - Level 16.7(19.2) Transmutations
 - Level 22.7(25.0) Fire Magic
 - Level 4.3(6.8) Earth Magic
 - Level 2.2(4.2) Evocations


You had 16 spell levels left.
You knew the following spells:

 Your Spells              Type           Power      Damage    Failure   Level
a - Necromutation         Tmut/Necr      58%        N/A       1%          8
b - Iron Shot             Conj/Erth      53%        9d10      1%          6
c - Dragon's Call         Summ           64%        N/A       1%          9
d - Summon Horrible Thin  Summ           64%        N/A       1%          8
e - Summon Forest         Summ/Tloc      55%        N/A       0%          5
f - Sublimation of Blood  Necr           100%       N/A       0%          2
g - Death Channel         Necr           60%        N/A       0%          6
h - Ignition              Fire           74%        3d19      1%          8
v - Fire Storm            Conj/Fire      75%        8d19      2%          9

Your spell library contained the following spells:

 Spells                   Type           Power      Damage    Failure   Level
 Beastly Appendage        Tmut           100%       N/A       0%          1
 Foxfire                  Conj/Fire      100%       2x1d9     0%          1
 Magic Dart               Conj           100%       1d8       0%          1
 Necrotise                Necr           100%       1d9       0%          1
 Slow                     Hex            100%       N/A       0%          1
 Sting                    Tmut/Pois      100%       1d8       0%          1
 Summon Small Mammal      Summ           100%       N/A       0%          1
 Passwall                 Tmut/Erth      80%        N/A       0%          2
 Searing Ray              Conj           100%       2d8       0%          2
 Static Discharge         Conj/Air       98%        3-16/arc  0%          2
 Wereblood                Tmut           100%       N/A       0%          2
 Call Canine Familiar     Summ           100%       N/A       0%          3
 Conjure Flame            Conj/Fire      100%       6-21      0%          3
 Dazzling Flash           Conj/Hex       100%       N/A       0%          3
 Ignite Poison            Fire/Tmut/Pois 100%       N/A       0%          3
 Inner Flame              Hex/Fire       100%       N/A       0%          3
 Stone Arrow              Conj/Erth      100%       3d13      0%          3
 Summon Guardian Golem    Hex/Summ       100%       N/A       0%          3
 Vampiric Draining        Necr           100%       2d13      0%          3
 Anguish                  Hex/Necr       53%        N/A       0%          4
 Animate Armour           Summ/Erth      100%       N/A       0%          4
 Animate Dead             Necr           100%       N/A       0%          4
 Dispel Undead            Necr           100%       3d31      0%          4
 Flame Wave               Conj/Fire      100%       2d21      0%          4
 Fulminant Prism          Conj/Hex       56%        3d25      0%          4
 Iskenderun's Mystic Bla  Conj/Tloc      100%       2d19      0%          4
 Sticky Flame             Conj/Fire      100%       2d11      0%          4
 Agony                    Necr           100%       N/A       0%          5
 Blade Hands              Tmut           56%        N/A       0%          5
 Fireball                 Conj/Fire      75%        3d28      0%          5
 Irradiate                Conj/Tmut      60%        3d31      0%          5
 Iskenderun's Battlesphe  Conj           100%       2d15      0%          5
 Summon Mana Viper        Hex/Summ       100%       N/A       0%          5
 Starburst                Conj/Fire      75%        6d19      0%          6
 Orb of Destruction       Conj           63%        9d15      0%          7
 Spellforged Servitor     Conj/Summ      64%        N/A       0%          7
 Summon Hydra             Summ           64%        N/A       0%          7
 Apportation              Tloc           100%       N/A       1%          1
 Freeze                   Ice            100%       1d11      1%          1
 Sandblast                Erth           100%       2d20      1%          1
 Blink                    Tloc           100%       N/A       1%          2
 Ensorcelled Hibernation  Hex/Ice        100%       N/A       1%          2
 Poisonous Vapours        Pois/Air       100%       N/A       1%          2
 Confusing Touch          Hex            92%        N/A       1%          3
 Gell's Gravitas          Tloc           85%        N/A       1%          3
 Lesser Beckoning         Tloc           85%        N/A       1%          3
 Mephitic Cloud           Conj/Pois/Air  85%        N/A       1%          3
 Portal Projectile        Hex/Tloc       100%       N/A       1%          3
 Spider Form              Tmut/Pois      88%        N/A       1%          3
 Teleport Other           Tloc           85%        N/A       1%          3
 Tukima's Dance           Hex            92%        N/A       1%          3
 Cause Fear               Hex            46%        N/A       1%          4
 Corpse Rot               Necr/Pois/Air  81%        N/A       1%          4
 Hailstorm                Conj/Ice       98%        3d19      1%          4
 Ice Form                 Ice/Tmut       88%        N/A       1%          4
 Leda's Liquefaction      Hex/Erth       42%        N/A       1%          4
 Passage of Golubria      Tloc           85%        N/A       1%          4
 Petrify                  Tmut/Erth      97%        N/A       1%          4
 Summon Lightning Spire   Summ/Air       99%        N/A       1%          4
 Alistair's Intoxication  Tmut/Pois      58%        N/A       1%          5
 Borgnjor's Vile Clutch   Necr/Erth      51%        N/A       1%          5
 Freezing Cloud           Conj/Ice/Air   42%        6-21      1%          5
 Lee's Rapid Deconstruct  Erth           39%        3d20*     1%          5
 Lightning Bolt           Conj/Air       49%        1d69      1%          5
 Manifold Assault         Tloc           85%        N/A       1%          5
 Yara's Violent Unravell  Hex/Tmut       51%        3d20      1%          5
 Conjure Ball Lightning   Conj/Air       49%        3x3d17    1%          6
 Simulacrum               Ice/Necr       46%        N/A       1%          6
 Statue Form              Tmut/Erth      64%        N/A       1%          6
 Dragon Form              Tmut           56%        N/A       1%          7
 Haunt                    Necr/Summ      62%        N/A       1%          7
 Malign Gateway           Summ/Tloc      55%        N/A       1%          7
 Borgnjor's Revivificati  Necr           60%        N/A       1%          8
 Infestation              Necr           60%        N/A       1%          8
 Frozen Ramparts          Ice            100%       1d16      2%          3
 Ozocubu's Armour         Ice            50%        N/A       2%          3
 Swiftness                Air            50%        N/A       2%          3
 Metabolic Englaciation   Hex/Ice        37%        N/A       2%          5
 Silence                  Hex/Air        37%        N/A       2%          5
 Eringya's Noxious Bog    Tmut/Pois      44%        N/A       2%          6
 Dispersal                Tloc           42%        N/A       3%          6
 Lehudib's Crystal Spear  Conj/Erth      53%        10d12     7%          8
 Airstrike                Air            25%        2d(4-20)  8%          4
 Olgreb's Toxic Radiance  Pois           50%        N/A       8%          4
 Enfeeble                 Hex            46%        N/A       8%          7
 Death's Door             Necr           60%        N/A       9%          9
 Storm Form               Tmut/Air       44%        N/A       14%         7
 Discord                  Hex            46%        N/A       52%         8
 Disjunction              Tloc           42%        N/A       86%         8
 Chain Lightning          Conj/Air       49%        3d65      98%         9
 Ozocubu's Refrigeration  Ice            25%        4d13      100%        7
 Maxwell's Capacitive Co  Air            25%        ∞         100%        8
 Polar Vortex             Ice            25%        N/A       100%        9
 Shatter                  Erth           39%        3d31*     100%        9


Dungeon Overview and Level Annotations

Branches:
Dungeon (15/15)            Temple (0/1) D:7            Lair (5/5) D:8
  Swamp (4/4) Lair:2        Snake (4/4) Lair:2        Slime (5/5) Lair:4
    Orc (2/2) D:12            Elf (3/3) Orc:2        Vaults (5/5) D:13
  Crypt (3/3) Vaults:2       Tomb (3/3) Crypt:3      Depths (4/4) D:15
    Zot (5/5) Depths:4      IceCv (visited)         Desolation (visited)

Altars:
Ashenzari
Dithmenos
Fedhas
Gozag
Hepliaklqana
Kikubaaqudgha
Nemelex Xobeh
Okawaru
Qazlal
Ru
Sif Muna
Trog
Vehumet
Wu Jian
Xom
Yredelemnul

Shops:
D:5 ==(   D:7 *   D:8 [   D:9 :   D:12 :*   Orc:1 ?   Orc:2 (([[   Elf:1 ?[*=*
Snake:1 [   Snake:3 *   Snake:4 *   Vaults:1 *   Vaults:2 ?   Vaults:4 :!*?
Depths:4 (

Portals:
Hell: Depths:1 Depths:2 Depths:3 Depths:4
Abyss: Depths:3
Pandemonium: Depths:2 Depths:4

Annotations:
D:4 1 exclusion
D:9 3 runed translucent doors, Heoruswealwe's ghost, novice DECj
D:14 Cerebov
Lair:4 2 transporters, Nubia's ghost, journeyman GnEn
Vaults:1 2 transporters, tamionv's ghost, adept GrFi


Innate Abilities, Weirdness & Mutations

You have a pair of large horns on your head.
You are completely covered in slimy green scales. (AC +4, rPois)
You can hurl damnation.
Your demonic aura causes all spilled blood to erupt in flames.
You regenerate a lot of health from kills.
You are resistant to unholy torment.
You punish those that try to bend your will. (Will+)
Your magical capacity is low. (-10% MP)


Message History

Where to? (Enter - D:1, ? - help)
There is a stone staircase leading up here.
You fly upwards.
Level annotation: 3 runed translucent doors, Heoruswealwe's ghost, novice DECj
There is a stone staircase leading down here.
You see here a +0 giant club.
There is an open door here.
There is a stone staircase leading up here.
You fly upwards.
There is a stone staircase leading down here.
There is an open door here.
There is a stone staircase leading up here.
You fly upwards.
There is a stone staircase leading down here.
There is a stone staircase leading up here.
You fly upwards.
There is a stone staircase leading down here.
There is a stone staircase leading up here.
You fly upwards.
There is a stone staircase leading down here.
You sense a monster nearby.
(D) Dungeon (T) Temple (L) Lair (S) Swamp (P) Snake Pit (M) Slime Pits (O) Orcish Mines (E) Elven Halls (V) Vaults (C) Crypt (W) Tomb (U) Depths (H) Hell (Z) Zot
Where to? (Enter - D:1, ? - help)
There is a stone staircase leading up here.
You fly upwards.
Level annotation: 1 exclusion
There is a stone staircase leading down here.
You see here a potion of ambrosia.
You see here a +0 robe.
A Hell Sentinel comes into view.
There is a stone staircase leading up here.
You fly upwards.
There is a stone staircase leading down here.
(D) Dungeon (T) Temple (L) Lair (S) Swamp (P) Snake Pit (M) Slime Pits (O) Orcish Mines (E) Elven Halls (V) Vaults (C) Crypt (W) Tomb (U) Depths (H) Hell (Z) Zot
Where to? (Enter - D:1, ? - help)
There is a stone staircase leading up here.
You fly upwards.
There is a stone staircase leading down here.
There is a stone staircase leading up, spattered with blood here.
You fly upwards.
There is a stone staircase leading down here.
A green death comes into view.
There is a staircase leading out of the dungeon here.
You have escaped!

#.###.# #...#)# ###.#.#
##########.#.#######
###########.#........
###########.#########
###...#....##..........
##...........##########.
##...#..@..#...###### #.
##...###...###...##### #.
##...###########...#### #.
#####...#####...#####...###
#.
###.##...######.#.######...##
#.
....#..#........#........#..#
#.
###.#.##.#..###.#.##...#.##.#
#.
....#.#..###.#..#.##.###..#.#
#.
#####.......................#
#.


There were no monsters in sight!

Vanquished Creatures
  the Royal Jelly (Slime:5)
  3 pandemonium lords
  5 dread liches
  2 orbs of fire
  An ancient lich (Zig:18)
  A juggernaut (Depths:2)
  23 royal mummies
  2 shard shrikes (Zig:14)
  7 Killer Klowns
  14 golden dragons
  Xtahua (Crypt:2)
  3 doom hounds
  2 Brimstone Fiends (Pan)
  3 Tzitzimimeh
  2 Hell Sentinels
  7 liches
  11 Orb Guardians (Zot:5)
  A walking earthen tome (Depths:2)
  3 quicksilver dragons
  2 tentacled monstrosities
  6 Ice Fiends
  2 deep elf blademasters
  A walking divine tome (Zig:21)
  2 deep elf master archers (Elf:3)
  2 death cobs
  Gastronok (D:8)
  11 ancient champions
  6 tentacled starspawn
  7 sphinxes
  A sphinx (shapeshifter) (Zig:16)
  A shadow dragon (Vaults:5)
  2 Executioners (Zig:24)
  29 acid blobs
  4 tengu reavers
  2 draconian monks (Depths:4)
  3 storm dragons
  An azure jelly (shapeshifter) (Zig:16)
  A fenstrider witch (Zig:22)
  12 azure jellies
  2 rockslimes (Slime:5)
  6 demonspawn warmongers
  2 revenants
  4 frost giants
  4 draconian knights
  16 nagarajas
  A nargun (Zot:2)
  3 fire giants
  Louise (Snake:2)
  A draconian scorcher (Zig:12)
  2 curse skulls
  An imperial myrmidon (Desolation)
  10 vault wardens
  An orc warlord (Orc:2)
  2 deep elf sorcerers
  A deep elf elementalist (Elf:3)
  8 cacodemons
  4 balrugs
  7 ironbound preservers
  A ghoul (Zig:22)
  3 reapers
  14 quicksilver oozes
  2 draconian shifters
  A spriggan defender (Depths:3)
  2 war gargoyles
  3 green draconians (Depths:4)
  An ironbound thunderhulk (Vaults:2)
  6 stone giants
  2 demonspawn corrupters (Zig:24)
  4 draconian annihilators
  A black draconian (Depths:4)
  5 very ugly things
  3 vampire knights
  A putrid mouth (Zig:5)
  A bennu (Tomb:3)
  3 deep elf annihilators
  2 eleionomae
  A dire elephant (shapeshifter) (Zig:16)
  3 lorocyprocas
  4 demonspawn black suns
  7 white draconians
  4 deep elf demonologists
  6 purple draconians (Depths:4)
  A bunyip (Zig:7)
  2 red draconians
  An entropy weaver (Zig:8)
  11 green deaths
  3 dire elephants
  15 mummy priests
  14 ettins
  A jiangshi (Zig:25)
  7 blizzard demons
  4 deep elf death magi
  4 shambling mangroves
  2 deep elf high priests
  14 yaktaur captains
  2 eidola (Zig:11)
  7 fire dragons
  12 great orbs of eyes
  2 salamander tyrants
  2 peacekeepers (Desolation)
  2 caustic shrike simulacra (Zig:14)
  9 ice dragons
  3 ogre magi
  A spriggan skeleton (Tomb:2)
  7 vault guards
  A rakshasa (Abyss:3)
  4 hell beasts
  6 spriggan air magi
  2 ironbound frosthearts (Vaults:4)
  2 servants of whispers (Desolation)
  14 hydras
  4 ghost crabs
  3 boulder beetles
  11 naga warriors
  2 centaur warriors
  2 alligators
  3 two-headed ogres
  3 dancing weapons
  6 anacondas
  5 deep troll earth magi
  5 tengu warriors
  2 deep troll shamans (Depths:1)
  2 thrashing horrors (Zig:21)
  6 vampire magi (Zig:25)
  The ghost of Bloodier the Severer, a novice MiFi of Okawaru (D:10)
  6 naga sharpshooters
  27 death scarabs
  2 orc high priests
  2 death yaks (Lair:3)
  2 spriggan berserkers
  4 hell knights
  6 soul eaters
  Amaemon (D:8)
  A storm dragon zombie (Zig:17)
  Sonja (Lair:5)
  7 deep elf knights
  5 shock serpents
  A sixfirhy (Pan)
  10 sun demons (Pan)
  2 goliath frogs
  5 shadow wraiths
  3 wretched stars
  A steelbarb worm (shapeshifter) (Zig:26)
  2 salamander mystics
  An anaconda zombie (Tomb:2)
  13 skeletal warriors
  4 iron trolls
  24 deep trolls
  6 flayed ghosts
  4 spriggan druids
  A golden dragon zombie (Zig:17)
  4 naga ritualists
  3 death drakes (Zig:22)
  4 deep elf archers
  5 shadow demons
  Pikel (D:4)
  An orc knight (Vaults:5)
  9 ironbound convokers
  A bog body (Lair:2)
  12 swamp dragons
  10 glowing orange brains
  2 shadow dragon zombies
  4 wizards
  An iron dragon zombie (Tomb:1)
  7 lindwurms
  A lindwurm (shapeshifter) (Zig:26)
  18 deep elf pyromancers
  2 tengu zombies (Zig:17)
  9 phantasmal warriors
  5 necromancers
  4 mana vipers
  3 harpies
  14 deep elf zephyrmancers
  A frost giant zombie (Crypt:1)
  11 shining eyes
  11 ugly things
  2 salamanders
  2 will-o-the-wisps
  A sphinx skeleton (Zig:17)
  A toenail golem (Zot:1)
  A manticore (D:14)
  2 fire giant skeletons (Crypt:3)
  3 moths of wrath
  3 elephants
  2 rust devils
  An ice statue (Zig:14)
  Maurice (D:8)
  30 black mambas
  16 vault sentinels
  An eye of devastation (Zig:19)
  12 naga magi
  A smoke demon (Pan)
  4 gargoyles (Crypt:3)
  4 cane toads
  12 guardian serpents
  A white draconian zombie (Crypt:1)
  Maggie (D:8)
  An alligator snapping turtle skeleton (Crypt:1)
  7 hellions
  2 unseen horrors (D:10)
  4 orange demons
  2 centaur skeletons (D:13)
  3 kobold demonologists
  2 tengu conjurers
  6 tormentors
  2 efreet (Pan)
  5 rime drakes
  2 ice devils (Zig:14)
  2 freezing wraiths
  A red devil (D:10)
  51 guardian mummies
  2 hellwings (Zig:24)
  8 komodo dragons
  10 ancient zymes
  A harpy zombie (Tomb:2)
  18 yaktaurs
  2 trolls (Orc:1)
  A tyrant leech (Swamp:2)
  2 polar bears
  2 harpy skeletons (Tomb:2)
  A meliai (shapeshifter) (Zig:13)
  2 raiju (Zig:21)
  13 hornets
  5 saltlings
  75 slime creatures
  2 dream sheep (shapeshifter)
  A tarantella (Vaults:3)
  9 blink frogs
  A jumping spider (shapeshifter) (Zig:16)
  A black mamba zombie (Crypt:1)
  4 fire dragon skeletons (Crypt:3)
  7 ynoxinuls
  11 flying skulls
  4 spriggans
  3 wraiths
  3 shadows
  2 water elementals
  25 large abominations
  3 neqoxecs
  A golden eye (shapeshifter) (Elf:1)
  4 ushabtiu
  2 wyverns
  A naga simulacrum (Tomb:3)
  17 yaks
  8 golden eyes
  4 basilisks
  Eustachio (D:5)
  A vampire mosquito (D:13)
  7 chaos spawn
  A steam dragon (Lair:5)
  A redback (shapeshifter) (Zig:18)
  2 wargs
  A water nymph zombie (Crypt:1)
  An acid dragon (D:14)
  19 nagas
  15 water moccasins
  3 floating eyes
  4 swamp worms
  A swamp drake (Swamp:1)
  A manticore zombie (Crypt:2)
  16 orc warriors
  2 sky beasts
  2 black bears
  An ice beast (Zig:14)
  A blink frog zombie (Crypt:2)
  3 centaurs
  3 wolves (Lair:5)
  7 ogres
  3 boggarts (Vaults:4)
  8 kobold brigands
  13 small abominations
  Blork the orc (D:4)
  A draconian zombie (Crypt:2)
  14 bullfrogs
  An earth elemental (Elf:2)
  7 necrophages
  2 gnoll sergeants
  A scorpion (D:4)
  9 wights
  26 killer bees
  7 nameless horrors
  An electric eel (Lair:1)
  4 howler monkeys
  28 starcursed masses (Zig:21)
  6 jellies
  4 hounds
  9 orc priests
  Crazy Yiuf (D:2)
  Natasha (thrice) (D:3)
  10 orc wizards
  Ijyb (D:4)
  2 iguanas (D:6)
  37 mummies
  A howler monkey zombie (Crypt:1)
  7 gnolls
  7 adders
  A swamp drake skeleton (Crypt:2)
  2 white imps
  A lava snake zombie (Crypt:1)
  4 worms
  A dart slug (D:1)
  38 orcs
  13 endoplasms
  6 giant cockroaches
  4 goblins
  10 hobgoblins
  3 jackals (D:4)
  9 quokkas
  10 ball pythons
  8 bats
  4 frilled lizards
  A giant cockroach zombie (Crypt:1)
  21 kobolds
  13 rats
  4 briar patches (Swamp:4)
  7 snaplasher vines
  4 starspawn tentacles
1755 creatures vanquished.

Vanquished Creatures (collateral kills)
  An orb of fire (Zot:5)
  9 ancient liches
  11 dread liches
  A juggernaut (Depths:2)
  11 royal mummies
  Bai Suzhen (Vaults:4)
  6 Killer Klowns
  A shard shrike (Zig:14)
  Saint Roka (Vaults:4)
  A curse toe (Zot:5)
  14 golden dragons
  The ghost of MacCMillion the Slayer, a veteran FeSu of Jiyva (Depths:3)
  6 pandemonium lords
  2 bone dragons (Zig:21)
  4 Tzitzimimeh
  An electric golem (Zot:5)
  5 Brimstone Fiends
  8 tentacled monstrosities
  6 Hell Sentinels
  15 titans
  14 Orb Guardians (Zot:5)
  2 Ice Fiends
  2 walking earthen tomes
  7 liches
  Grunn (Zot:4)
  2 walking crystal tomes
  6 quicksilver dragons
  2 deep elf blademasters (Elf:3)
  18 acid blobs
  2 walking frostbound tomes
  3 ancient champions
  2 death cobs (Zot:5)
  7 Executioners
  17 sphinxes
  The ghost of mys the Warrior, an adept DsCK of Xom (Snake:1)
  An eldritch tentacle (Depths:3)
  10 tengu reavers
  Roxanne (Elf:1)
  2 thorn hunters (Swamp:4)
  10 storm dragons
  3 draconian monks
  4 revenants
  3 shadow dragons
  7 fire giants
  7 rockslimes
  20 nagarajas
  The ghost of Roysaum the Phalangite, a journeyman MiBe of Trog (Snake:4)
  8 azure jellies
  5 draconian knights
  A nargun (Zot:2)
  3 demonspawn warmongers
  12 vault wardens
  A fenstrider witch (Swamp:4)
  10 frost giants
  8 deep elf sorcerers
  2 iron dragons
  3 cacodemons
  15 balrugs
  A caustic shrike zombie (Crypt:1)
  2 imperial myrmidons (Desolation)
  The ghost of Tomstefer the Skirmisher, a journeyman DsBe of Trog (D:13)
  2 draconian shifters
  A juggernaut zombie (Crypt:1)
  Aizul (Swamp:2)
  4 draconian stormcallers
  2 ghost moths
  3 deep elf elementalists (Elf:3)
  2 demonspawn corrupters
  6 quicksilver oozes
  4 draconian annihilators
  6 ghouls
  5 reapers
  14 ironbound preservers
  2 vampire knights
  A caustic shrike skeleton (Crypt:3)
  7 war gargoyles
  19 very ugly things
  7 stone giants
  2 quicksilver oozes (shapeshifter) (Vaults:5)
  7 demonspawn blood saints
  13 bennus
  5 ironbound thunderhulks
  2 eleionomae (shapeshifter)
  3 deep elf demonologists
  5 black draconians
  3 demonspawn black suns
  3 entropy weavers
  7 bunyips
  4 dire elephants
  7 eleionomae
  A putrid mouth (Zig:5)
  7 purple draconians
  4 white draconians
  6 deep elf annihilators
  6 green draconians
  2 yellow draconians
  3 halazid warlocks (Desolation)
  6 red draconians
  4 lorocyprocas
  4 crystal guardians
  2 eidola
  Snorg (Lair:5)
  9 ettins
  8 deep elf death magi
  12 mummy priests
  5 shambling mangroves
  5 fire dragons
  6 jiangshi
  4 blizzard demons
  10 ragged hierophants (Desolation)
  10 yaktaur captains
  A quicksilver dragon zombie (Tomb:1)
  7 great orbs of eyes
  3 green deaths
  4 deep elf high priests
  23 salamander tyrants
  5 ice dragons
  A quicksilver dragon skeleton (Crypt:3)
  6 hell beasts
  A rakshasa (Depths:2)
  18 hydras
  3 ironbound frosthearts (Vaults:1)
  2 servants of whispers
  A caustic shrike simulacrum (Zig:14)
  3 ogre magi
  7 peacekeepers
  29 vault guards
  5 boulder beetles
  A fenstrider witch skeleton (Crypt:3)
  A spriggan air mage (Depths:4)
  5 centaur warriors
  5 anacondas
  A spriggan skeleton (Crypt:3)
  31 dancing weapons
  An alligator snapping turtle (shapeshifter) (Zig:16)
  10 two-headed ogres
  15 naga warriors
  2 death knights
  2 death yaks (Lair:3)
  8 alligators
  3 hell hogs (Depths:4)
  2 tengu warriors
  17 death scarabs
  3 deep troll shamans
  6 deep troll earth magi
  6 thrashing horrors
  An orc high priest (Orc:2)
  14 naga sharpshooters
  6 shock serpents
  6 vampire magi
  A titan zombie (Zig:17)
  3 spriggan berserkers
  25 sun demons
  4 soul eaters
  Urug (D:11)
  A titan skeleton (Zig:17)
  12 deep elf knights
  9 hell knights
  A shadow wraith (Zig:21)
  10 skeletal warriors
  A wretched star (Abyss:2)
  6 iron trolls
  2 salamander mystics (Snake:4)
  10 sixfirhies
  2 flayed ghosts (Crypt:3)
  A spatial maelstrom (Zig:21)
  6 goliath frogs
  28 deep trolls
  2 sea snakes (Snake:3)
  2 shadow demons (Pan)
  An anaconda zombie (Tomb:1)
  17 swamp dragons
  A steelbarb worm (shapeshifter) (Zig:26)
  9 deep elf archers
  14 phantasmal warriors
  6 glowing orange brains
  9 bog bodies
  5 spriggan druids
  5 wizards
  An anaconda skeleton (Crypt:1)
  4 orc knights
  2 orange crystal statues
  A necromancer (Crypt:1)
  A sphinx zombie (Zig:17)
  5 lindwurms
  10 naga ritualists
  An iron giant skeleton (Crypt:1)
  A wolf spider (shapeshifter) (Elf:2)
  6 mana vipers
  8 shining eyes
  15 deep elf zephyrmancers
  11 ironbound convokers
  27 ugly things
  38 deep elf pyromancers
  A cyclops (shapeshifter) (Zig:16)
  A manticore (D:15)
  9 salamanders
  2 moths of wrath
  4 will-o-the-wisps
  3 elephants
  A sphinx skeleton (Zig:17)
  A nameless horror (Swamp:4)
  3 fire giant skeletons (Crypt:3)
  3 torpor snails
  8 vault sentinels
  19 black mambas
  3 cyclopes
  11 naga magi
  2 eyes of devastation (shapeshifter)
  6 guardian serpents
  A rust devil (Zig:20)
  A frost giant skeleton (Crypt:2)
  11 smoke demons
  4 ice statues
  An eye of devastation (Zig:19)
  6 orange demons
  An unseen horror (D:12)
  A molten gargoyle (Desolation)
  3 apocalypse crabs
  3 centaur skeletons
  3 dire elephant skeletons
  8 hellions
  7 cane toads
  42 yaktaurs
  2 kobold demonologists (D:14)
  3 demonic crawlers (Pan)
  5 freezing wraiths
  2 rime drakes
  3 komodo dragons
  6 tormentors
  An ancient zyme (Abyss:2)
  An ice devil (Zig:14)
  2 red devils
  3 tengu conjurers
  6 hellwings (Pan)
  20 guardian mummies
  A queen bee (D:10)
  A queen bee (shapeshifter) (Zig:26)
  A bloated husk (Swamp:4)
  2 trolls (D:12)
  2 polar bears
  15 hornets
  7 tyrant leeches
  A harpy skeleton (Crypt:2)
  33 saltlings
  A blink frog (shapeshifter) (D:15)
  7 blink frogs
  46 slime creatures
  A hydra skeleton (Crypt:3)
  A dream sheep (shapeshifter) (Zig:16)
  A centaur simulacrum (D:15)
  An iron dragon simulacrum (Zig:14)
  16 flying skulls
  An ettin skeleton (Crypt:3)
  An air elemental (Elf:3)
  6 shadows
  7 fire dragon skeletons (Crypt:3)
  3 wraiths
  25 yaks
  A yak (shapeshifter) (Depths:2)
  8 ushabtiu
  10 ynoxinuls (Pan)
  16 spriggans
  3 water elementals
  A wyvern (Lair:5)
  5 fire elementals
  6 golden eyes
  4 basilisks
  7 neqoxecs
  A steam dragon (shapeshifter) (D:9)
  3 steam dragons (Lair:5)
  2 redbacks (Vaults:3)
  2 redbacks (shapeshifter) (Zig:26)
  5 chaos spawn (Pan)
  16 vampire mosquitoes
  16 swamp worms
  11 large abominations
  2 acid dragons
  30 nagas
  12 water moccasins
  4 floating eyes
  27 orc warriors
  2 ice beasts (Zig:14)
  7 ogres
  10 swamp drakes
  A black bear (D:13)
  7 great orb of eyes simulacra (IceCv)
  8 wolves (Lair:5)
  3 centaurs
  4 slime creature simulacra (IceCv)
  A shining eye zombie (Crypt:2)
  8 kobold brigands
  5 small abominations
  3 earth elementals
  2 gnoll sergeants
  6 glowing shapeshifter simulacra (IceCv)
  7 necrophages
  6 wights
  16 killer bees
  5 electric eels
  2 howler monkeys
  14 orc priests
  7 starcursed masses (Abyss:2)
  A basilisk skeleton (Crypt:2)
  An iguana (Lair:5)
  6 orc wizards
  An acid dragon skeleton (Crypt:2)
  40 mummies
  7 gnolls
  A steam dragon zombie (Crypt:2)
  52 orcs
  14 kobolds
  4 briar patches (Swamp:4)
  5 fire vortices (Pan)
  A lurking horror (Abyss:2)
  A plant (D:11)
2037 creatures vanquished.

Vanquished Creatures (others)
  A pandemonium lord (Zig:20)
  2 nagarajas
  4 demonspawn blood saints
  A black draconian (Depths:4)
  2 shambling mangroves (Zig:22)
  2 salamander tyrants
  2 hell beasts
  A hydra (Zig:22)
  An anaconda (Zig:23)
  A sun demon (Pan)
  A salamander mystic (Zig:15)
  A shining eye (Zig:19)
  A naga mage (Zig:15)
  An orange demon (Pan)
  A smoke demon (Zig:20)
  A tormentor (Zig:20)
  A yaktaur (Vaults:1)
  A hellion (Zot:5)
  A komodo dragon (Lair:5)
  2 hellwings (Pan)
  2 hornets (Zig:22)
  3 bloated husks
  A ynoxinul (Zig:20)
  A large abomination (Abyss:3)
  9 dancing weapons
  An iguana (Lair:5)
  3 blocks of ice (Zig:20)
  55 fire vortices
  14 foxfires
  68 fungi
  149 plants
  7 snaplasher vines
  3 starspawn tentacles
  41 withered plants
385 creatures vanquished.

Grand Total: 4177 creatures vanquished

Notes
Turn   | Place    | Note
-------+----------+-------------------------------------------
     0 | D:1      | GeoRichter the Demonspawn Enchanter began the quest for the
                  | Orb.
     0 | D:1      | Reached XP level 1. HP: 13/13 MP: 3/3
    31 | D:1      | Reached skill level 1 in Short Blades
   214 | D:1      | Gained mutation: Your demonic aura sometimes causes spilled
                  | blood to erupt in flames. [demonic ancestry]
   214 | D:1      | Reached XP level 2. HP: 19/19 MP: 5/5
  1405 | D:1      | Reached XP level 3. HP: 24/24 MP: 6/6
  3268 | D:2      | Reached XP level 4. HP: 21/30 MP: 7/7
  4185 | D:2      | Found a faded altar of an unknown god.
  4228 | D:2      | You fall into a shaft and drop 1 floor!
  4304 | D:3      | Found a broken altar of Ashenzari.
  4316 | D:3      | Became a worshipper of Ashenzari the Shackled
  4455 | D:2      | Found a runed translucent door.
  4456 | D:2      | Noticed Crazy Yiuf
  4610 | D:2      | Killed Crazy Yiuf
  4837 | D:3      | Noticed Natasha
  4891 | D:3      | Killed Natasha
  4892 | D:3      | Gained mutation: You regenerate a little health from kills.
                  | [demonic ancestry]
  4892 | D:3      | Reached XP level 5. HP: 20/35 MP: 8/8
  5101 | D:3      | Noticed Natasha
  5114 | D:3      | Killed Natasha
  5437 | D:3      | Found an ancient bone altar of Kikubaaqudgha.
  5626 | D:4      | Noticed Blork the orc
  5809 | D:4      | Noticed an ogre
  5841 | D:3      | Noticed Natasha
  6109 | D:3      | Killed Natasha
  6123 | D:3      | Identified a scroll of acquirement
  6123 | D:3      | Acquired the Codex of Calling and Vapour
  6351 | D:4      | Killed an ogre
  6352 | D:4      | Gained mutation: You regenerate health from kills. [demonic
                  | ancestry]
  6352 | D:4      | Reached XP level 6. HP: 41/41 MP: 9/9
  6528 | D:4      | Killed Blork the orc
  6766 | D:4      | Reached skill level 5 in Short Blades
  7005 | D:4      | Noticed a moth of wrath
  7107 | D:4      | Noticed Pikel
  7120 | D:3      | Learned a level 3 spell: Confusing Touch
  7124 | D:3      | Learned a level 3 spell: Tukima's Dance
  7201 | D:4      | Killed Pikel
  7202 | D:4      | Gained mutation: You have a pair of small horns on your
                  | head. [demonic ancestry]
  7202 | D:4      | Reached XP level 7. HP: 15/46 MP: 2/10
  7445 | D:4      | Found a bloodstained altar of Trog.
  7565 | D:4      | Gained mutation: You have a pair of horns on your head.
                  | [demonic ancestry]
  7565 | D:4      | Reached XP level 8. HP: 18/52 MP: 11/11
  7786 | D:4      | Noticed Ijyb
  7794 | D:4      | Killed Ijyb
  7928 | D:5      | Entered Level 5 of the Dungeon
  8006 | D:5      | Reached * piety under Ashenzari
  8154 | D:5      | Noticed Eustachio
  8156 | D:5      | Killed Eustachio
  8157 | D:5      | Reached skill level 5 in Hexes
  8499 | D:5      | Found Niezidec's Weapon Shop.
  8538 | D:5      | Found Wosot's Jewellery Shoppe.
  8587 | D:5      | Found a radiant altar of Vehumet.
  8625 | D:5      | Found Xezaogineot's Jewellery Shop.
  8840 | D:6      | Identified the +1 robe of Ignis's Displeasure {Int+4 SInv}
  8877 | D:6      | Found a sacrificial altar of Ru.
  9009 | D:6      | Found a blossoming altar of Fedhas.
  9101 | D:6      | Reached XP level 9. HP: 39/57 MP: 13/13
  9853 | D:6      | Found a basalt altar of Yredelemnul.
  9856 | D:6      | Found a shimmering altar of Xom.
  9856 | D:6      | Found a radiant altar of Vehumet.
  9878 | D:6      | Reached ** piety under Ashenzari
  9883 | D:6      | Found a radiant altar of Vehumet.
  9883 | D:6      | Found a stormy altar of Qazlal.
  9883 | D:6      | Found a blossoming altar of Fedhas.
  9935 | D:6      | Found a hazy altar of Hepliaklqana.
 10138 | D:6      | Found an ornate altar of the Wu Jian Council.
 10424 | D:5      | Bought an amulet of regeneration for 330 gold pieces
 10536 | D:7      | Reached skill level 10 in Short Blades
 10620 | D:7      | Reached skill level 1 in Summonings
 10626 | D:7      | Learned a level 3 spell: Call Canine Familiar
 10662 | D:7      | Found a staircase to the Ecumenical Temple.
 10752 | D:7      | Found Enisk's General Store.
 10796 | D:7      | Found a sparkling altar of Nemelex Xobeh.
 10810 | D:7      | Reached *** piety under Ashenzari
 10914 | D:7      | Reached skill level 1 in Fighting
 11326 | D:8      | Noticed Amaemon
 11348 | D:8      | HP: 1/65 [Amaemon (9)]
 11349 | D:8      | Noticed an orange demon
 11368 | D:8      | Killed Amaemon
 11369 | D:8      | Reached XP level 10. HP: 45/73 MP: 2/18
 11495 | D:8      | Noticed Maggie
 11500 | D:8      | Killed Maggie
 11665 | D:8      | Found Tym Duti's Antique Armour Shop.
 11678 | D:8      | Killed an orange demon
 11700 | D:8      | Reached **** piety under Ashenzari
 11717 | D:8      | Reached skill level 5 in Summonings
 11794 | D:8      | Noticed Maurice
 11809 | D:8      | Killed Maurice
 12021 | D:8      | Noticed Gastronok
 12044 | D:8      | Killed Gastronok
 12095 | D:8      | Found a staircase to the Lair.
 12548 | D:8      | Learned a level 4 spell: Summon Lightning Spire
 12850 | D:9      | Gained mutation: You regenerate a lot of health from kills.
                  | [demonic ancestry]
 12850 | D:9      | Reached XP level 11. HP: 84/84 MP: 19/22
 12987 | D:9      | Noticed a two-headed ogre
 12997 | D:9      | Killed a two-headed ogre
 12998 | D:9      | Reached skill level 5 in Spellcasting
 13132 | D:9      | Reached skill level 5 in Fighting
 13269 | D:9      | Found a runed translucent gate.
 13269 | D:9      | Found a runed translucent gate.
 13269 | D:9      | Found a runed translucent gate.
 13270 | D:9      | Noticed a shock serpent
 13271 | D:9      | Noticed a white ugly thing
 13271 | D:9      | Noticed a glowing orange brain
 13272 | D:9      | Noticed a purple ugly thing
 13294 | D:9      | Found an iron altar of Okawaru.
 13333 | D:9      | Found Uli Evek's Book Boutique.
 13673 | D:9      | Noticed a green ugly thing
 13679 | D:9      | Noticed a green ugly thing
 13679 | D:9      | Noticed a purple ugly thing
 13756 | Lair:1   | Entered Level 1 of the Lair of Beasts
 13764 | Lair:1   | Noticed a four-headed hydra
 13776 | Lair:1   | Killed a four-headed hydra
 14555 | Lair:1   | Reached skill level 5 in Dodging
 14856 | Lair:2   | Acquired 461 gold pieces
 14875 | Lair:2   | Noticed a seven-headed hydra
 14888 | Lair:2   | Killed a seven-headed hydra
 14993 | D:9      | Bought a Fen Folio for 630 gold pieces
 14999 | D:9      | Learned a level 5 spell: Summon Forest
 15016 | D:9      | Noticed a shock serpent
 15016 | D:9      | an elephant changed into a shock serpent
 15166 | Lair:2   | Gained mutation: You are partially covered in slimy green
                  | scales. (AC +2) [demonic ancestry]
 15166 | Lair:2   | Reached XP level 12. HP: 57/97 MP: 19/26
 15209 | Lair:2   | Reached skill level 1 in Translocations
 15317 | Lair:2   | Reached skill level 10 in Summonings
 15345 | Lair:2   | Found a staircase to the Swamp.
 15603 | Lair:2   | Found a staircase to the Snake Pit.
 15845 | Lair:3   | Noticed a death yak
 15845 | Lair:3   | Noticed a death yak
 15845 | Lair:3   | Noticed a death yak
 15845 | Lair:3   | Noticed a death yak
 15897 | Lair:3   | Noticed a seven-headed hydra
 15903 | Lair:3   | Killed a seven-headed hydra
 16124 | Lair:3   | Noticed an alligator
 16135 | Lair:3   | Killed an alligator
 16315 | Lair:3   | Noticed a seven-headed hydra
 16329 | Lair:3   | Killed a seven-headed hydra
 16704 | Lair:3   | Killed a death yak
 16706 | Lair:3   | Gained mutation: Your demonic aura often causes spilled
                  | blood to erupt in flames. [demonic ancestry]
 16706 | Lair:3   | Reached XP level 13. HP: 103/103 MP: 14/29
 16715 | Lair:3   | Reached skill level 5 in Translocations
 16835 | Lair:3   | Reached ***** piety under Ashenzari
 17264 | Lair:3   | Learned a level 7 spell: Summon Hydra
 17301 | Lair:4   | Found a staircase to the Slime Pits.
 17428 | Lair:4   | Found a runed translucent door.
 17672 | Lair:4   | Noticed Nubia's ghost (journeyman GnEn)
 17857 | Lair:4   | Found a transporter.
 17857 | Lair:4   | Found a transporter.
 18501 | Lair:5   | Entered Level 5 of the Lair of Beasts
 19397 | Lair:5   | Noticed a fire dragon
 19414 | Lair:5   | Killed a fire dragon
 19771 | Lair:5   | Noticed Snorg
 19780 | Lair:5   | Killed Snorg
 19915 | Lair:5   | Noticed Sonja
 19931 | Lair:5   | Killed Sonja
 20031 | Lair:5   | Reached skill level 10 in Spellcasting
 20284 | Lair:5   | Gained mutation: You are mostly covered in slimy green
                  | scales. (AC +3) [demonic ancestry]
 20284 | Lair:5   | Reached XP level 14. HP: 84/111 MP: 30/32
 20688 | D:8      | Bought a shimmering robe for 153 gold pieces
 20688 | D:8      | Identified the +1 robe of Makhlylo {rN+ Regen+ Str+2
                  | Slay+2} (You bought it in a shop on level 8 of the Dungeon)
 20767 | D:10     | Entered Level 10 of the Dungeon
 20904 | D:10     | Found a portal to a secret trove of treasure.
 20905 | D:10     | Identified the +1 ring mail of Fasehuup {*Slow rCorr Int+5}
 21016 | D:10     | Reached skill level 15 in Summonings
 21091 | D:10     | Reached skill level 1 in Shields
 21359 | D:10     | Found an opulent altar of Gozag.
 21414 | D:10     | Noticed Bloodier's ghost (novice MiFi)
 21479 | D:10     | Found a runed translucent gate.
 21479 | D:10     | Found a runed translucent gate.
 21479 | D:10     | Found a runed translucent gate.
 21919 | D:9      | Found a runed translucent gate.
 21919 | D:9      | Found a runed translucent gate.
 21923 | D:9      | Found a runed translucent gate.
 21923 | D:9      | Noticed Heoruswealwe's ghost (novice DECj)
 22055 | D:10     | Killed Bloodier's ghost
 22289 | D:11     | Noticed Urug
 22303 | D:11     | Killed Urug
 23459 | D:12     | Found Ahadam's Book Boutique.
 23646 | D:12     | Found a staircase to the Orcish Mines.
 24153 | D:12     | Found Nonuev's CLEARANCE SALE!.
 24376 | Orc:1    | Entered Level 1 of the Orcish Mines
 24389 | D:12     | Learned a level 9 spell: Dragon's Call
 24468 | Orc:1    | Found Okkaippo's Magic Scroll Shoppe.
 24626 | Orc:2    | Entered Level 2 of the Orcish Mines
 24852 | Orc:2    | Found Adotsub's Weapon Boutique.
 25035 | Orc:2    | Found Nanuadgh's Antique Weapon Emporium.
 25035 | Orc:2    | Noticed an orc warlord
 25081 | Orc:2    | Found Eghu's Antique Armour Shoppe.
 25176 | Orc:2    | Killed an orc warlord
 25352 | Orc:2    | Found a staircase to the Elven Halls.
 25749 | Orc:2    | Found Iplaoh's Antique Armour Emporium.
 26320 | Orc:1    | Found a shimmering blue altar of Sif Muna.
 26871 | D:13     | Found a runed translucent door.
 26871 | D:13     | Identified the +9 trident of the Hated {vorpal, Will- Str+2
                  | Int+7}
 26873 | D:13     | Noticed Tomstefer's ghost (journeyman DsBe)
 27045 | D:13     | Reached XP level 15. HP: 107/113 MP: 20/33
 27277 | D:13     | Found a gate to the Vaults.
 28001 | D:13     | Killed Tomstefer's ghost
 28263 | D:14     | Noticed a shadow dragon
 28410 | D:14     | Killed a shadow dragon
 28472 | D:14     | Noticed a sphinx
 28473 | D:14     | Paralysed by a sphinx for 4 turns
 28481 | D:14     | Killed a sphinx
 29393 | D:15     | Entered Level 15 of the Dungeon
 29393 | D:15     | Found a shadowy altar of Dithmenos.
 29399 | D:15     | Found a frozen archway.
 29475 | IceCv    | Entered an ice cave
 29602 | IceCv    | Noticed an azure jelly
 29770 | IceCv    | Identified the ring "Syck" {Ice Fly Will+ Stlth+}
 30740 | IceCv    | Noticed an azure jelly
 30749 | IceCv    | Noticed an azure jelly
 30750 | IceCv    | Noticed an azure jelly
 30750 | IceCv    | Noticed a rockslime
 30754 | IceCv    | Killed an azure jelly
 30755 | IceCv    | Killed an azure jelly
 30879 | IceCv    | Killed a rockslime
 30977 | IceCv    | Killed an azure jelly
 30994 | IceCv    | Found a viscous altar of Jiyva.
 31001 | IceCv    | Identified the ring "Gadgh" {rC+ Str+3 Int+4}
 31916 | D:15     | Found a staircase to the Depths.
 32274 | Swamp:1  | Entered Level 1 of the Swamp
 32379 | Swamp:1  | Reached XP level 16. HP: 120/120 MP: 22/36
 33644 | Swamp:2  | Noticed Aizul
 33651 | Swamp:2  | Killed Aizul
 34794 | Swamp:4  | Entered Level 4 of the Swamp
 35198 | Swamp:4  | Reached skill level 1 in Armour
 35296 | Swamp:4  | Reached XP level 17. HP: 111/126 MP: 0/38
 35507 | Swamp:4  | Got a decaying rune of Zot
 36353 | Swamp:4  | Reached skill level 1 in Fire Magic
 36688 | Snake:1  | Entered Level 1 of the Snake Pit
 36989 | Elf:1    | Entered Level 1 of the Elven Halls
 37244 | Elf:1    | Identified the Directory of Damage Dealing
 37265 | Elf:1    | Found Mubberys's Magic Scroll Boutique.
 37284 | Elf:1    | Bought a scroll of fear for 56 gold pieces
 37284 | Elf:1    | Bought a scroll of fear for 56 gold pieces
 37284 | Elf:1    | Bought a scroll of fog for 56 gold pieces
 37759 | Elf:1    | Found Arurph's Armour Shop.
 37778 | Elf:1    | Bought the +1 pair of gloves of Weightlessness {Drain Str+4
                  | Dex+7} for 442 gold pieces
 37896 | Elf:1    | Found Rshrom's Retail Resort.
 37905 | Elf:1    | Noticed Roxanne
 37913 | Elf:1    | Killed Roxanne
 38149 | Elf:1    | Found Recici's Jewellery Shoppe.
 38153 | Elf:1    | Bought an amulet of magic regeneration for 450 gold pieces
 38200 | Elf:1    | Found Renaetao's General Store.
 39074 | Elf:2    | Reached skill level 15 in Spellcasting
 39196 | Elf:2    | Gained mutation: Your demonic aura causes all spilled blood
                  | to erupt in flames. [demonic ancestry]
 39196 | Elf:2    | Reached XP level 18. HP: 143/143 MP: 21/40
 39303 | Elf:2    | Found a runed translucent gate.
 39303 | Elf:2    | Found a runed translucent gate.
 39303 | Elf:2    | Found a runed translucent gate.
 40204 | Elf:3    | Entered Level 3 of the Elven Halls
 40302 | Elf:3    | Reached skill level 10 in Fighting
 40645 | Elf:3    | Learned a level 6 spell: Iron Shot
 40934 | Elf:3    | Reached skill level 1 in Conjurations
 40945 | Elf:3    | Reached skill level 1 in Earth Magic
 40993 | Elf:3    | Identified the +5 morningstar "Tephar" {elec, rPois rC+
                  | Will+ SInv}
 41100 | Elf:3    | Identified the +1 scale mail "Vups" {rC++}
 41117 | Elf:3    | Reached skill level 5 in Conjurations
 41146 | Elf:3    | Identified the ring "Nukhlemmu" {rElec rCorr Int+6}
 41200 | Elf:3    | Identified the Catalogue of Airy Arcane Weapons
 41200 | Elf:3    | Identified Weohob's Compendium of Arcane Weapons
 42071 | Snake:1  | Found Gatajaeci's Antique Armour Emporium.
 42079 | Snake:1  | Found a runed translucent door.
 42079 | Snake:1  | Noticed mys's ghost (adept DsCK)
 42094 | Snake:1  | Killed mys's ghost
 42529 | Snake:1  | Gained mutation: You punish those that try to bend your
                  | will. (Will+) [demonic ancestry]
 42529 | Snake:1  | Reached XP level 19. HP: 158/158 MP: 15/44
 42726 | Snake:2  | Noticed Louise
 42737 | Snake:2  | Killed Louise
 43070 | Snake:2  | Learned a level 8 spell: Summon Horrible Things
 43325 | Snake:2  | Reached skill level 5 in Armour
 43743 | Snake:3  | Found Ixeeh's Overcharged Wands.
 43901 | Snake:3  | Identified the +1 tower shield of Gushro Anant {+Blink
                  | rF++}
 43920 | Snake:3  | Found a sacrificial altar of Ru.
 44264 | Snake:3  | Reached skill level 10 in Conjurations
 44427 | Snake:4  | Entered Level 4 of the Snake Pit
 44440 | Snake:4  | Found Linoy's Gadget Gallery.
 44473 | Snake:4  | Identified the +8 plate armour of the Bagpipe {rC+}
 44474 | Snake:4  | Noticed Roysaum's ghost (journeyman MiBe)
 44485 | Snake:4  | Found a runed translucent gate.
 44485 | Snake:4  | Found a runed translucent gate.
 44485 | Snake:4  | Found a runed translucent gate.
 44551 | Snake:4  | Killed Roysaum's ghost
 44958 | Snake:4  | Reached skill level 10 in Dodging
 45178 | Snake:4  | Gained mutation: You have a pair of large horns on your
                  | head. [demonic ancestry]
 45178 | Snake:4  | Reached XP level 20. HP: 103/172 MP: 39/46
 45194 | Snake:4  | Got a serpentine rune of Zot
 45542 | Vaults:1 | Entered Level 1 of the Vaults
 45750 | D:5      | Bought a ring of protection from fire for 375 gold pieces
 46119 | Vaults:1 | Found Xeal's General Store.
 46316 | Vaults:1 | Reached skill level 5 in Shields
 47554 | Vaults:1 | Found a transporter.
 47569 | Vaults:1 | Noticed tamionv's ghost (adept GrFi)
 47570 | Vaults:1 | Found a bloodstained altar of Trog.
 47579 | Vaults:1 | Found a transporter.
 48164 | Vaults:2 | Found a huge runed gate.
 48164 | Vaults:2 | Found a huge runed gate.
 48164 | Vaults:2 | Found a huge runed gate.
 48164 | Vaults:2 | Found a huge runed gate.
 48164 | Vaults:2 | Found a huge runed gate.
 48164 | Vaults:2 | Found a huge runed gate.
 48165 | Vaults:2 | Found a huge runed gate.
 48165 | Vaults:2 | Found a huge runed gate.
 48165 | Vaults:2 | Found a huge runed gate.
 48165 | Vaults:2 | Found a huge runed gate.
 48166 | Vaults:2 | Found a huge runed gate.
 48167 | Vaults:2 | Found a huge runed gate.
 48168 | Vaults:2 | Found a huge runed gate.
 48168 | Vaults:2 | Found a huge runed gate.
 48168 | Vaults:2 | Found a huge runed gate.
 48168 | Vaults:2 | Found a huge runed gate.
 48168 | Vaults:2 | Found a huge runed gate.
 48169 | Vaults:2 | Found a huge runed gate.
 48170 | Vaults:2 | Found a huge runed gate.
 48174 | Vaults:2 | Found a huge runed gate.
 48174 | Vaults:2 | Found a huge runed gate.
 48178 | Vaults:2 | Found a huge runed gate.
 48178 | Vaults:2 | Found a huge runed gate.
 48178 | Vaults:2 | Found a huge runed gate.
 48178 | Vaults:2 | Found a huge runed gate.
 48178 | Vaults:2 | Found a huge runed gate.
 48179 | Vaults:2 | Found a huge runed gate.
 48180 | Vaults:2 | Found a huge runed gate.
 48212 | Vaults:2 | Found a huge runed gate.
 48213 | Vaults:2 | Found a huge runed gate.
 48216 | Vaults:2 | Found a huge runed gate.
 48216 | Vaults:2 | Found a huge runed gate.
 48216 | Vaults:2 | Found a huge runed gate.
 48216 | Vaults:2 | Found a huge runed gate.
 48216 | Vaults:2 | Found a huge runed gate.
 48217 | Vaults:2 | Found a huge runed gate.
 48366 | Vaults:2 | Found Citi's Magic Scroll Shoppe.
 48374 | Vaults:2 | Bought a scroll of summoning for 114 gold pieces
 48690 | Vaults:2 | Found an ancient bone altar of Kikubaaqudgha.
 48704 | Vaults:2 | Found a basalt altar of Yredelemnul.
 48724 | Vaults:2 | Found a staircase to the Crypt.
 49232 | Vaults:2 | Identified the +5 dire flail of Dim Light {venom, rPois}
 49232 | Vaults:2 | Noticed a dread lich
 49253 | Vaults:2 | Killed a dread lich
 49254 | Vaults:2 | Reached skill level 10 in Shields
 49466 | Vaults:3 | Reached XP level 21. HP: 178/178 MP: 2/48
 50416 | Vaults:3 | Found the +8 storm bow {elec, penet}
 50611 | Vaults:1 | Bought a book of Decay for 578 gold pieces
 50618 | Vaults:1 | Learned a level 6 spell: Death Channel
 50686 | Vaults:4 | Reached skill level 1 in Necromancy
 50719 | Vaults:4 | Reached skill level 5 in Necromancy
 50970 | Vaults:4 | Noticed Bai Suzhen
 50984 | Vaults:4 | Killed Bai Suzhen
 51014 | Vaults:4 | Noticed Saint Roka
 51018 | Vaults:4 | Killed Saint Roka
 51038 | Vaults:4 | Found a crumbling gateway.
 51067 | Desolati | Entered the Desolation of Salt
 51177 | Desolati | Identified the amulet "Iziodduz" {Faith rPois Stlth+}
 51329 | Desolati | Identified the +9 plate armour of Pride {rPois rF+ Str-2}
 51332 | Desolati | Identified the +6 shortbow "Dixamir" {flame, rC+ rN+ Str+4}
 51349 | Desolati | Identified the ring "Zoranolo" {rPois rF+ Int+6 Dex+2}
 51349 | Desolati | Identified the ring of Eternal Harmony {rPois Dex+3}
 51452 | Desolati | Found the +3 Mad Mage's Maulers {Infuse+∞ RegenMP Int-3}
 51518 | Desolati | Identified the Enchiridion on Attacks and the Coals
 51664 | Desolati | Identified the Papyrus of Blazing Damage Dealing
 51879 | Vaults:4 | Identified the +4 mace "Gennoir" {drain, Int+3}
 51905 | Vaults:4 | Found Vaer's Book Emporium.
 52184 | Vaults:4 | Gained mutation: You are completely covered in slimy green
                  | scales. (AC +4, rPois) [demonic ancestry]
 52184 | Vaults:4 | Reached XP level 22. HP: 192/192 MP: 25/49
 52436 | Vaults:4 | Found Voucvon's Assorted Antiques.
 52482 | Vaults:4 | Found Usiged's Magic Scroll Emporium.
 52483 | Vaults:4 | Found Qymmuek's Distillery.
 52496 | Vaults:4 | Bought a potion of invisibility for 152 gold pieces
 52496 | Vaults:4 | Bought a potion of mutation for 152 gold pieces
 52496 | Vaults:4 | Bought a potion of haste for 190 gold pieces
 53128 | D:10     | You paid a toll of 8 potions of haste to enter a treasure
                  | trove
 53129 | Trove    | Entered a treasure trove
 53132 | Trove    | Identified the amulet "Mojon" {Reflect Harm Fly Will+ Str+4
                  | SH+5}
 53132 | Trove    | Identified the +2 pair of boots "Qijiom" {rC+}
 53133 | Trove    | Found the +7 Kryia's mail coat {PotionHeal*2 rC+}
 53133 | Trove    | Identified the ring of the Traitor {*Slow rN++ Str+6}
 53134 | Trove    | Found the +18 shield of the Gong {rElec rN+ Will+ EV-5}
 53134 | Trove    | Found the +7 captain's cutlass {speed, disarm}
 53134 | Trove    | Identified the ring "Tatz" {MP-9 Str+6 Dex+5 Slay+3}
 53461 | Vaults:5 | Entered Level 5 of the Vaults
 53461 | Vaults:5 | Identified the +5 hand axe "Suhuw" {venom, rN+}
 53468 | Vaults:5 | Reached skill level 15 in Fighting
 53477 | Vaults:5 | Identified the amulet "Qecuots" {Faith +Inv Stlth+}
 53522 | Vaults:5 | Noticed a golden dragon
 53534 | Vaults:5 | Identified the +1 helmet "Ugeesm" {rF- rC+ Int+2 Dex+6}
 53546 | Vaults:5 | Killed a golden dragon
 53707 | Abyss:2  | Cast into level 2 of the Abyss (a deep elf sorcerer)
 53755 | Abyss:2  | Reached skill level 5 in Fire Magic
 53935 | Abyss:2  | Noticed an ancient lich
 53945 | Abyss:2  | Killed an ancient lich
 54012 | Vaults:5 | Escaped the Abyss
 54090 | Vaults:5 | Noticed a dread lich
 54097 | Vaults:5 | Killed a dread lich
 54099 | Vaults:5 | Identified the +8 chain mail of Follow the Leader {*Corrode
                  | rElec rPois Int+3}
 54112 | Vaults:5 | Learned a level 8 spell: Ignition
 54499 | Vaults:5 | Noticed a golden dragon
 54507 | Vaults:5 | Killed a golden dragon
 54521 | Vaults:5 | Reached XP level 23. HP: 207/207 MP: 19/50
 54598 | Vaults:5 | Reached skill level 10 in Fire Magic
 54779 | Vaults:5 | Identified the ring "Poxkirei" {*Corrode rElec rPois Int+9
                  | Stlth+}
 54786 | Vaults:5 | Identified the +0 ring mail of the Cooper {rN+ Str+4 Int+3
                  | Slay-4}
 54807 | Vaults:5 | Got a silver rune of Zot
 54891 | Vaults:5 | Identified the +5 short sword of Zin {venom, Will+}
 54910 | Vaults:5 | Identified Ycwomov's Collected Works on Freezing Sinister
                  | Rites
 55048 | Vaults:5 | Acquired 882 gold pieces
 55049 | Vaults:5 | Acquired 832 gold pieces
 55050 | Vaults:5 | Acquired the ring "Toveeggu" {Fire Fly rElec rN++}
 55084 | Vaults:5 | Identified the Atlas of Vitriolic Translocation
 55140 | Vaults:5 | Identified the +7 spear of the People {drain, rCorr}
 55387 | Crypt:1  | Entered Level 1 of the Crypt
 55430 | Crypt:1  | Identified the +4 chain mail of Ecras {rF++}
 56703 | Crypt:2  | Noticed Xtahua
 56710 | Crypt:2  | Killed Xtahua
 56927 | Crypt:2  | Identified the +2 leather armour "Baimemm" {*Corrode Str+6}
 57459 | Crypt:3  | Entered Level 3 of the Crypt
 57514 | Crypt:3  | Identified the +1 robe of Kikubaaqudgha, Riding {Will+
                  | rCorr Stlth+}
 57848 | Crypt:3  | Found the +8 Vampire's Tooth {vamp}
 58159 | Crypt:3  | Identified the ring "Boumuics" {rElec rN+ Str+4}
 58159 | Crypt:3  | Identified the ring "Zafamum" {rPois rN+}
 58159 | Crypt:3  | Identified the ring "Gyejiffo" {rN+ Will- Str+10}
 58286 | Crypt:3  | Found a staircase to the Tomb.
 58771 | Crypt:3  | Noticed an ancient lich
 58777 | Crypt:3  | Identified the Writings on Adjuration
 58802 | Crypt:3  | Found an ancient bone altar of Kikubaaqudgha.
 58804 | Crypt:3  | Noticed a dread lich
 58822 | Crypt:3  | Killed a dread lich
 58887 | Crypt:3  | Killed an ancient lich
 58888 | Crypt:3  | Reached skill level 15 in Fire Magic
 59874 | Depths:1 | Entered Level 1 of the Depths
 60188 | Depths:1 | Found a gateway to Hell.
 60231 | Depths:1 | Reached XP level 24. HP: 214/214 MP: 23/50
 60378 | Depths:1 | Identified the +7 quarterstaff of Mourning {drain, rN+
                  | Dex+3 Stlth+}
 60692 | Depths:1 | Found a basalt altar of Yredelemnul.
 61250 | Depths:2 | Paralysed by a floating eye for 4 turns
 61603 | Depths:2 | Noticed a juggernaut
 61611 | Depths:2 | Killed a juggernaut
 61614 | Depths:2 | Noticed a juggernaut
 61620 | Depths:2 | Killed a juggernaut
 61813 | Depths:2 | Identified the ring of Undoing {rElec rF- rC+ rCorr Dex+2}
 62044 | Depths:2 | Found a one-way gate leading to the halls of Pandemonium.
 62445 | Depths:3 | Identified the +2 leather armour of Understanding {Str+3}
 62446 | Depths:3 | Identified the +10 falchion "Demonbane" {pain, rElec}
 62446 | Depths:3 | Identified the Papyrus of the Terrestrial Blizzard
 62477 | Depths:3 | Found a runed translucent door.
 62520 | Depths:3 | Noticed MacCMillion's ghost (veteran FeSu)
 62932 | Depths:3 | Found a one-way gate to the infinite horrors of the Abyss.
 63123 | Depths:3 | Found a one-way gateway to a ziggurat.
 63617 | Depths:3 | Killed MacCMillion's ghost
 63728 | Depths:4 | Entered Level 4 of the Depths
 64050 | Depths:4 | Found Waorheah's Weapon Shop.
 64064 | Depths:4 | Gained mutation: You are resistant to unholy torment.
                  | [demonic ancestry]
 64064 | Depths:4 | Reached XP level 25. HP: 221/221 MP: 29/50
 64325 | Depths:4 | Reached skill level 15 in Shields
 64609 | Depths:4 | Found a gate to the Realm of Zot.
 64780 | Depths:4 | Identified the +10 mace of the Heart {pain, rElec rN+++
                  | Will+ Str-3}
 65402 | Zig:1    | Entered Level 1 of a ziggurat
 65440 | Zig:2    | Entered Level 2 of a ziggurat
 65500 | Zig:3    | Entered Level 3 of a ziggurat
 65508 | Zig:3    | Noticed a dread lich
 65512 | Zig:3    | Killed a dread lich
 65591 | Zig:4    | Entered Level 4 of a ziggurat
 65766 | Zig:5    | Entered Level 5 of a ziggurat
 65770 | Zig:5    | Identified the +8 mace "Najyf Epea" {vorpal, rCorr}
 65853 | Zig:6    | Entered Level 6 of a ziggurat
 65858 | Zig:6    | Noticed Gaesm the pandemonium lord
 65861 | Zig:6    | Killed Gaesm the pandemonium lord
 65864 | Zig:6    | Identified the +0 leather armour of Pathos {*Slow rN++
                  | Regen+ Str-3}
 65927 | Zig:6    | Gained mutation: You can hurl damnation. [demonic ancestry]
 65927 | Zig:6    | Reached XP level 26. HP: 231/231 MP: 50/50
 65937 | Zig:7    | Entered Level 7 of a ziggurat
 66009 | Zig:8    | Entered Level 8 of a ziggurat
 66025 | Zig:8    | Identified the ring of Tagim {rPois EV+4 Int+3}
 66027 | Zig:8    | Identified the +11 whip of the Foot {holy, rF++ Int+3
                  | Stlth+}
 66101 | Zig:8    | Reached XP level 27. HP: 238/238 MP: 50/50
 66125 | Zig:9    | Entered Level 9 of a ziggurat
 66133 | Zig:9    | Noticed an ancient lich
 66136 | Zig:9    | Noticed a royal mummy
 66137 | Zig:9    | Killed an ancient lich
 66142 | Zig:9    | Killed a royal mummy
 66143 | Zig:9    | Identified the +6 arbalest "Killer Klown's Doom" {venom,
                  | rC- rN+++ Will+ Str+4}
 66145 | Zig:9    | Identified the amulet "Heopt" {Regen+ Str+4}
 66331 | Zig:10   | Entered Level 10 of a ziggurat
 66352 | Zig:10   | Identified the +2 plate armour "Emaqur" {rElec rPois Str+2
                  | Int+4}
 66437 | Zig:11   | Entered Level 11 of a ziggurat
 66463 | Zig:11   | Identified the Vademecum on the Friendly Ground
 66463 | Zig:11   | Identified the +2 ring mail "Qimyrgho" {+Inv rElec rCorr
                  | Str-2}
 66464 | Zig:11   | Identified the ring of Roaqyodinn {Fly rF+ rC+++ Int-3
                  | Dex+4}
 66479 | Zig:12   | Entered Level 12 of a ziggurat
 66643 | Zig:12   | Identified Xeulaam's Last Parchment of the Archmage
 66644 | Zig:12   | Identified the amulet "Pegiunass" {Reflect Str+4 Slay+3
                  | SH+5}
 66692 | Zig:12   | Learned a level 8 spell: Necromutation
 66709 | Zig:13   | Entered Level 13 of a ziggurat
 66714 | Zig:13   | Paralysed by a floating eye for 4 turns
 66838 | Zig:14   | Entered Level 14 of a ziggurat
 66849 | Zig:14   | Reached skill level 5 in Transmutations
 66929 | Zig:14   | Identified the Handbook of the Road Less Travelled
 66940 | Zig:14   | Identified the Papyrus of Permutations and Air
 66987 | Zig:15   | Entered Level 15 of a ziggurat
 67010 | Zig:15   | Reached skill level 10 in Transmutations
 67010 | Zig:15   | Identified the +3 battleaxe of Iconoclasm {vorpal, rCorr
                  | Str+4}
 67011 | Zig:15   | Identified the Directory of Cold and Battle Magic
 67011 | Zig:15   | Identified the +10 mace of the Gloaming {antimagic, rCorr
                  | Int+4}
 67013 | Zig:15   | Identified the +5 long sword "Lar Tieto" {drain, MP+9
                  | Dex+6}
 67139 | Zig:16   | Entered Level 16 of a ziggurat
 67160 | Zig:16   | Identified the cursed +9 dagger of Star-Bound Wisdom
                  | {vorpal, Bglg, Self} (You found it on level 6 of the
                  | Dungeon)
 67160 | Zig:16   | Identified the cursed +2 cloak of Ashenzari's Anxiety
                  | {Self, Comp} (You found it on level 3 of the Elven Halls)
 67160 | Zig:16   | Identified the cursed +5 steam dragon scales of Ashenzari's
                  | Irritation {Comp, Alch} (You took it off Maggie on level 8
                  | of the Dungeon)
 67165 | Zig:16   | Noticed Nuisoe the pandemonium lord
 67167 | Zig:16   | Noticed Hades Zyf the pandemonium lord
 67172 | Zig:16   | Killed Nuisoe the pandemonium lord
 67176 | Zig:16   | Killed Hades Zyf the pandemonium lord
 67177 | Zig:16   | Noticed Tyown the pandemonium lord
 67183 | Zig:16   | Killed Tyown the pandemonium lord
 67274 | Zig:16   | Identified the amulet "Buhudeim" {Drain Regen+ Dex+8}
 67319 | Zig:17   | Entered Level 17 of a ziggurat
 67331 | Zig:17   | Noticed a royal mummy
 67333 | Zig:17   | Noticed a royal mummy
 67336 | Zig:17   | Killed a royal mummy
 67338 | Zig:17   | Killed a royal mummy
 67367 | Zig:17   | Learned a level 2 spell: Sublimation of Blood
 67374 | Zig:17   | Noticed a royal mummy
 67378 | Zig:17   | Killed a royal mummy
 67392 | Zig:17   | Identified the +4 helmet "Tonwe" {*Slow rC- Will+ Dex+7}
 67425 | Zig:17   | Identified the +7 morningstar of the Brewing Eel {vorpal,
                  | Dex+7}
 67489 | Zig:18   | Entered Level 18 of a ziggurat
 67505 | Zig:18   | Noticed an ancient lich
 67505 | Zig:18   | Noticed a dread lich
 67506 | Zig:18   | Noticed a dread lich
 67508 | Zig:18   | Killed an ancient lich
 67509 | Zig:18   | Reached skill level 10 in Necromancy
 67511 | Zig:18   | Killed a dread lich
 67514 | Zig:18   | Noticed a dread lich
 67514 | Zig:18   | Noticed an ancient lich
 67515 | Zig:18   | Killed a dread lich
 67518 | Zig:18   | Killed an ancient lich
 67521 | Zig:18   | Killed a dread lich
 67568 | Zig:18   | Identified the +5 battleaxe of Stickiness {protect, rPois
                  | Dex+4}
 67570 | Zig:18   | Identified the +6 long sword of Maytig {vamp, rF+ Str+5}
 67571 | Zig:18   | Identified The Advanced Guide to Wizarding
 67642 | Zig:19   | Entered Level 19 of a ziggurat
 67676 | Zig:19   | Identified the ring "Zoezamom" {Fire rPois Will+ Dex+4}
 67677 | Zig:19   | Identified the ring of Elyvilon's Regard {Fire Will+}
 67767 | Zig:20   | Entered Level 20 of a ziggurat
 67783 | Zig:20   | Noticed Zipa the pandemonium lord
 67793 | Zig:20   | Reached skill level 15 in Transmutations
 67794 | Zig:20   | Killed Zipa the pandemonium lord
 67944 | Zig:20   | Identified the +9 short sword of Amorality {vorpal, Will+
                  | rCorr Str+2 Int+2}
 67945 | Zig:20   | Identified the ring "Viawoc" {Int+3 SInv}
 67945 | Zig:20   | Identified Sif Muna's Codex of Ozone and Guile
 67946 | Zig:20   | Identified the ring "Qienomn" {Ice Dex+2}
 67947 | Zig:20   | Identified the Precepts of Pestilence and the Wayfarer
 67947 | Zig:20   | Identified Biroes's Almanac of Imprecation
 68047 | Zig:21   | Entered Level 21 of a ziggurat
 68077 | Zig:21   | Reached skill level 15 in Necromancy
 68334 | Zig:21   | Identified the ring of the Sparrow {Contam rN+ Will++ Int+2
                  | Stlth+}
 68335 | Zig:21   | Found the +10 dark maul {vorpal}
 68336 | Zig:21   | Identified the ring "Puogur" {rElec rC+ Will+}
 68336 | Zig:21   | Identified the +6 short sword of the Hurling Gods {pain,
                  | *Slow rN+ Dex+3}
 68422 | Zig:22   | Entered Level 22 of a ziggurat
 68501 | Zig:22   | Found the +5 demon whip "Spellbinder" {antimagic, Will+}
 68501 | Zig:22   | Identified the +1 leather armour "Erchoffeo" {rCorr}
 68502 | Zig:22   | Identified the Volume of the Road Less Travelled
 68502 | Zig:22   | Found the +10 zealot's sword {holy, *Rage rN+ EV+3}
 68504 | Zig:22   | Identified the ring "Ratui" {rF++ Dex+6}
 68505 | Zig:22   | Identified the Anthology of United Interference
 68597 | Zig:23   | Entered Level 23 of a ziggurat
 68616 | Zig:23   | Reached skill level 15 in Dodging
 68646 | Zig:23   | Identified the +2 scale mail "Haicica" {Dex+4}
 68647 | Zig:23   | Identified the +9 dagger "Jellybane" {drain, rC++ Str+3
                  | Int+4}
 68785 | Zig:24   | Entered Level 24 of a ziggurat
 68809 | Zig:24   | Reached skill level 10 in Armour
 68811 | Zig:24   | Noticed Pumm the pandemonium lord
 68831 | Zig:24   | Killed Pumm the pandemonium lord
 68917 | Zig:24   | Identified the +6 shortbow of Victory {vorpal, *Slow rN++
                  | rCorr}
 68918 | Zig:24   | Identified the Dissertation on Pestilent Ice
 68919 | Zig:24   | Found the +9 staff of Wucad Mu {*channel}
 68919 | Zig:24   | Identified the ring "Cagru Poe" {Wiz Drain rF+ rCorr}
 68920 | Zig:24   | Identified the +1 ring mail "Ahop" {rElec Will- rCorr}
 68921 | Zig:24   | Identified the +9 spear "Ecvy" {freeze, Str+3}
 69018 | Zig:25   | Entered Level 25 of a ziggurat
 69041 | Zig:25   | Noticed a dread lich
 69047 | Zig:25   | Killed a dread lich
 69062 | Zig:25   | Noticed an ancient lich
 69062 | Zig:25   | Noticed a dread lich
 69062 | Zig:25   | Noticed a dread lich
 69063 | Zig:25   | Reached skill level 15 in Conjurations
 69067 | Zig:25   | Identified the ring "Rasue" {rC+ Will+}
 69067 | Zig:25   | Identified the +12 battleaxe of Hag Afodgh {holy, rN+ Int+3
                  | Stlth+}
 69067 | Zig:25   | Identified the +1 ring mail "Syhair" {*Slow Str+3}
 69067 | Zig:25   | Identified Tojuqak's Exposition on the Rocks and Conjury
 69067 | Zig:25   | Identified the +0 robe of Prudence {Dex+5}
 69072 | Zig:26   | Entered Level 26 of a ziggurat
 69136 | Zig:26   | Noticed a dread lich
 69149 | Zig:26   | Paralysed by a dread lich for 2 turns
 69152 | Zig:26   | Killed a dread lich
 69161 | Zig:26   | Noticed a dread lich
 69164 | Zig:26   | Noticed an ancient lich
 69165 | Zig:26   | Killed a dread lich
 69166 | Zig:26   | Noticed an ancient lich
 69166 | Zig:26   | Killed an ancient lich
 69168 | Zig:26   | Noticed an ancient lich
 69169 | Zig:26   | Killed an ancient lich
 69172 | Zig:26   | Killed an ancient lich
 69174 | Zig:26   | Noticed a dread lich
 69177 | Zig:26   | Killed a dread lich
 69187 | Zig:26   | Noticed a dread lich
 69190 | Zig:26   | Killed a dread lich
 69194 | Zig:26   | Noticed a dread lich
 69199 | Zig:26   | Killed a dread lich
 69211 | Zig:26   | Learned a level 9 spell: Fire Storm
 69325 | Zig:26   | Identified the +2 pair of boots of the Monk {rF+ Dex+2}
 69325 | Zig:26   | Identified the +7 plate armour of Fafrula {rPois rF+ rN+
                  | Slay-6}
 69326 | Zig:26   | Identified the +10 scale mail of the Valley {rElec Int-3
                  | Dex+2 Slay+5}
 69327 | Zig:26   | Found the +10 Black Knight's barding {ponderous, rPois rN+}
 69328 | Zig:26   | Identified the +7 dagger of the Fray {vorpal, Int+3}
 69328 | Zig:26   | Identified the +1 robe of Aloyhysu {SInv}
 69397 | Zig:27   | Entered Level 27 of a ziggurat
 69443 | Zig:27   | Identified the ring of Vuntid {rC+ Str+3}
 69445 | Zig:27   | Identified the +0 sling "Lemops" {vorpal, Stlth+}
 70052 | Slime:1  | Entered Level 1 of the Pits of Slime
 70357 | Slime:5  | Entered Level 5 of the Pits of Slime
 70397 | Slime:5  | Noticed the Royal Jelly
 70420 | Slime:5  | Killed the Royal Jelly
 70453 | Slime:5  | Found the +8 whip "Snakebite" {venom, curare, rPois}
 70454 | Slime:5  | Identified the +9 halberd of Uncertain Death {vorpal, Str+6
                  | SInv}
 70454 | Slime:5  | Identified the amulet "Xifracki" {RegenMP Harm rC- Int+4}
 70460 | Slime:5  | Got a slimy rune of Zot
 70482 | Slime:5  | Identified the +2 rapier "Fyetalin" {venom, Contam rF+
                  | Str+8}
 71226 | Tomb:1   | Entered Level 1 of the Tomb of the Ancients
 71357 | Tomb:1   | Noticed a royal mummy
 71381 | Tomb:1   | Noticed a royal mummy
 71389 | Tomb:1   | Noticed a royal mummy
 71389 | Tomb:1   | Noticed a royal mummy
 71393 | Tomb:1   | Killed a royal mummy
 71395 | Tomb:1   | Identified the +6 scale mail of Contentment {Rampage +Inv
                  | rElec}
 71519 | Tomb:1   | Noticed a royal mummy
 71618 | Tomb:1   | Noticed a royal mummy
 71633 | Tomb:1   | Noticed a royal mummy
 71858 | Tomb:1   | Killed a royal mummy
 71865 | Tomb:1   | Noticed a royal mummy
 72111 | Tomb:1   | Killed a royal mummy
 72509 | Tomb:2   | Noticed a royal mummy
 72509 | Tomb:2   | Noticed a royal mummy
 72509 | Tomb:2   | Noticed a royal mummy
 72510 | Tomb:2   | Noticed a royal mummy
 72510 | Tomb:2   | Noticed a royal mummy
 72624 | Tomb:2   | Killed a royal mummy
 72624 | Tomb:2   | Killed a royal mummy
 73008 | Tomb:2   | Killed a royal mummy
 73009 | Tomb:2   | Killed a royal mummy
 73010 | Tomb:2   | Killed a royal mummy
 73228 | Tomb:1   | Noticed a royal mummy
 73235 | Tomb:1   | Noticed a royal mummy
 73240 | Tomb:1   | Noticed a royal mummy
 73244 | Tomb:1   | Killed a royal mummy
 73251 | Tomb:1   | Killed a royal mummy
 73269 | Tomb:1   | Noticed a royal mummy
 73274 | Tomb:1   | Killed a royal mummy
 73278 | Tomb:1   | Noticed a royal mummy
 73286 | Tomb:1   | Killed a royal mummy
 73301 | Tomb:1   | Noticed a royal mummy
 73302 | Tomb:1   | Noticed a royal mummy
 73363 | Tomb:1   | Noticed a royal mummy
 73368 | Tomb:1   | Killed a royal mummy
 73376 | Tomb:1   | Killed a royal mummy
 73379 | Tomb:1   | Killed a royal mummy
 73410 | Tomb:1   | Killed a royal mummy
 73587 | Tomb:1   | Killed a royal mummy
 73687 | Tomb:1   | Killed a royal mummy
 73718 | Tomb:1   | Noticed a royal mummy
 73723 | Tomb:1   | Killed a royal mummy
 73799 | Tomb:1   | Killed a royal mummy
 73814 | Tomb:1   | Noticed a royal mummy
 73831 | Tomb:1   | Killed a royal mummy
 73943 | Tomb:1   | Noticed a royal mummy
 73946 | Tomb:1   | Noticed a royal mummy
 73946 | Tomb:1   | Noticed a royal mummy
 73947 | Tomb:1   | Killed a royal mummy
 73948 | Tomb:1   | Killed a royal mummy
 73948 | Tomb:1   | Noticed a royal mummy
 73951 | Tomb:1   | Noticed a royal mummy
 73953 | Tomb:1   | Noticed a royal mummy
 73957 | Tomb:1   | Killed a royal mummy
 74030 | Tomb:1   | Noticed a royal mummy
 74233 | Tomb:1   | Killed a royal mummy
 74449 | Tomb:1   | Killed a royal mummy
 74537 | Tomb:1   | Killed a royal mummy
 74565 | Tomb:1   | Killed a royal mummy
 74666 | Tomb:1   | Killed a royal mummy
 74720 | Tomb:1   | Killed a royal mummy
 74794 | Tomb:2   | Reached skill level 5 in Stealth
 74970 | Tomb:3   | Entered Level 3 of the Tomb of the Ancients
 75012 | Tomb:3   | Noticed a royal mummy
 75022 | Tomb:3   | Noticed a royal mummy
 75033 | Tomb:3   | Noticed a royal mummy
 75043 | Tomb:3   | Noticed a royal mummy
 75045 | Tomb:3   | Noticed a royal mummy
 75045 | Tomb:3   | Identified the Book of the Mortuary
 75045 | Tomb:3   | Identified the +5 long sword of the Ten Beds {vamp, rC+
                  | Str+3}
 75045 | Tomb:3   | Identified the +0 helmet of Tomorrow {Will+ Int+3}
 75045 | Tomb:3   | Found the +10 morningstar "Eos" {elec, Halo rElec}
 75046 | Tomb:3   | Identified the +1 robe "Wismogaw" {rC+}
 75046 | Tomb:3   | Identified the Writings on the Dead
 75051 | Tomb:3   | Noticed a royal mummy
 75795 | Depths:3 | Voluntarily entered the Abyss.
 75837 | Abyss:3  | Found a corrupted altar of Lugonu.
 75960 | Abyss:3  | Reached skill level 10 in Stealth
 75983 | Abyss:3  | Got an abyssal rune of Zot
 76020 | Abyss:3  | Reached ****** piety under Ashenzari
 76056 | Depths:3 | Escaped the Abyss
 76127 | Pan      | Entered the realm of Cerebov.
 76127 | Pan      | Entered Pandemonium
 76402 | Pan      | Identified the +3 scale mail of the Endless Expanse {-Tele
                  | Dex+5 Slay+3}
 76445 | Pan      | Found the +6 sword of Cerebov {flame}
 76445 | Pan      | Noticed Cerebov
 76579 | Pan      | Identified the +6 hand axe "Nuaces" {drain, rElec rPois
                  | rC++ Str+2}
 76964 | Pan      | Got a fiery rune of Zot
 77053 | Pan      | Found the +6 sword of Cerebov {flame}
 77053 | Pan      | Noticed Cerebov
 77053 | Pan      | Found an exit through the horrors of the Abyss.
 77055 | Pan      | Identified the +14 plate armour "Irutepli" {-Tele +Inv
                  | Str-2 Dex+8}
 77068 | Pan      | Identified the ring "Zidoch" {rElec rF++ Will+}
 77072 | Pan      | Noticed Vuison the pandemonium lord
 77089 | Pan      | Killed Vuison the pandemonium lord
 77182 | Pan      | Got a demonic rune of Zot
 77642 | Pan      | Noticed Obrommoycs the pandemonium lord
 77649 | Pan      | Killed Obrommoycs the pandemonium lord
 77691 | Pan      | Identified the +1 dagger of the Spinneret {venom, rElec
                  | rPois Will+ Int-3}
 77751 | Pan      | Reached skill level 15 in Armour
 77832 | Pan      | Identified the +3 trident "Lovemma" {vorpal, rN+ Int+3
                  | SInv}
 78084 | Pan      | Noticed Zomee the pandemonium lord
 78095 | Pan      | Killed Zomee the pandemonium lord
 78531 | Pan      | Identified the +11 whip of Bennuh {vorpal, rElec Str-2
                  | Dex+5}
 78532 | Pan      | Noticed Ownil the pandemonium lord
 78535 | Pan      | Found an exit through the horrors of the Abyss.
 78541 | Pan      | Killed Ownil the pandemonium lord
 78571 | Depths:4 | Escaped Pandemonium
 78625 | Zot:1    | Entered Level 1 of the Realm of Zot
 78816 | Zot:2    | Noticed an orb of fire
 78828 | Zot:2    | Killed an orb of fire
 78845 | Zot:2    | Identified the +6 double sword of the Seven Invaders
                  | {vorpal, SInv}
 78845 | Zot:2    | Identified the +5 double sword of Ash {speed, rPois}
 79135 | Zot:4    | Noticed Grunn
 79141 | Zot:4    | Killed Grunn
 79223 | Zot:5    | Entered Level 5 of the Realm of Zot
 79266 | Zot:5    | Noticed a dread lich
 79270 | Zot:5    | Noticed a dread lich
 79270 | Zot:5    | Noticed an orb of fire
 79272 | Zot:5    | Killed a dread lich
 79277 | Zot:5    | Killed a dread lich
 79316 | Zot:5    | Noticed a dread lich
 79320 | Zot:5    | Killed a dread lich
 79321 | Zot:5    | Reached skill level 15 in Stealth
 79322 | Zot:5    | Noticed an ancient lich
 79327 | Zot:5    | Killed an ancient lich
 79358 | Zot:5    | Noticed an orb of fire
 79359 | Zot:5    | Killed an orb of fire
 79381 | Zot:5    | Killed an orb of fire
 79694 | Zot:5    | Got the Orb of Zot
 79706 | Zot:5    | Noticed an ancient lich
 79766 | Zot:5    | Killed an ancient lich
 79916 | Depths:4 | Gained mutation: Your magical capacity is low. (-10% MP) [a
                  | cacodemon]
 80086 | D:14     | Found the +6 sword of Cerebov {flame}
 80086 | D:14     | Noticed Cerebov
 80378 | D:$      | Escaped with the Orb!

Illustrated notes

Levels and vault maps discovered:
D:1:      dpeg_chamrin_arrival_tetris, layout_basic, st_stairs_2
D:2:      layout_rooms, ebering_ecumenical_altar_sacrificial,
          uniq_crazy_yiuf_cottage
D:3:      layout_rooms, mainiacjoe_overflow_tiny_flanked,
          mainiacjoe_overflow_24_doors, dreamdust_wishing_well,
          hangedman_decor_points, grunt_decor_mini_mirrors, uniq_natasha
D:4:      layout_rooms, tgw_trog, minmay_manual_moon, uniq_pikel,
          uniq_blork_the_orc, uniq_ijyb
D:5:      layout_basic, mainiacjoe_overflow_six_doors_small, serial_shops,
          nicolae_shop_hallway_stairs, shop, shop_fountains, uniq_eustachio
D:6:      layout_rooms, doesnt_xom_only_xom, nicolae_hepliaklqana_hippocampus,
          old_standard_altar, mainiacjoe_overflow_big_doors
D:7:      layout_basic, nemelex_altar_shiori,
          minmay_temple_entry_gardened_gates, serial_shops, shop
D:8:      layout_basic, due_lair_maze_entry_diamond, serial_shops,
          nicolae_shop_hallway_stairs, minivault_5, kennysheep_generic_room_4,
          uniq_amaemon, uniq_maggie, uniq_maurice, uniq_gastronok
D:9:      layout_irregular_city, okawaru_ov_weapons_minmay, serial_shops,
          nicolae_shop_behind_doors, ploomutoo_gammafunk_ghost_potion_laboratory
D:10:     layout_roguey [special_room_bee], grunt_gozag_breadcrumbs,
          enter_trove_1, gammafunk_ghost_nasty_kobolds,
          minmay_unpleasant_kobolds
D:11:     layout_loops_ring, nrook_loot_triangle, serial_bayou_crossing,
          uniq_urug
D:12:     layout_roguey, david_orc_1_choice, serial_curves, eino_curves_03,
          eino_curves_01, serial_shops, nicolae_shop_stone,
          nicolae_shop_clearance
D:13:     layout_basic, hangedman_vaults_entry_quadrant_bands,
          ebering_ghost_funeral_grove
D:14:     layout_gridville, minmay_misc_feat_rugged, minmay_evil_grid
D:15:     grunt_enter_depths_snipers, layout_cave_pools,
          portal_ice_cave_entry_ice_statue_two,
          nicolae_dithmenos_through_a_glass_darkly
Lair:1:   layout_gridlike, serial_forest, infiniplex_forest_clump_curved,
          infiniplex_forest_clump_diagonal, infiniplex_forest_clump_double,
          infiniplex_forest_zigzag_1, infiniplex_forest_lined_ring,
          infiniplex_forest_join, infiniplex_forest_clump_tiny,
          infiniplex_forest_lined_corner, infiniplex_forest_clump_tiny,
          serial_bayou_ford_a
Lair:2:   layout_misc_corridors, nicolae_swamp_entry_splash_gauntlet,
          minmay_snake_entry_six_corridors
Lair:3:   onia_ninara_swampy_vault, layout_small_grid, roderic_carrion_pond,
          grunt_megastairs_3
Lair:4:   layout_cave_pods, slime_entry_2, nzn_ghost_randoct, minmay_holes,
          disabler_island
Lair:5:   guppyfry_lair_end_dragon, layout_cave_shapes, uniq_snorg, uniq_sonja
Swamp:1:  layout_basic_swamp, evilmike_swamp_ruin_house_6, swamp_pool5
Swamp:2:  layout_falls_marsh, serial_swamp_ruin, evilmike_swamp_ruin_house_5,
          evilmike_swamp_ruin_rubble_2, infiniplex_staircase_pool_2, uniq_aizul
Swamp:3:  layout_falls_marsh, nicolae_swamp_tree_isthmus
Swamp:4:  swamp_basic_johnstein, layout_basic_swamp,
          evilmike_swamp_ruin_house_2, swamp_pool1
Snake:1:  layout_grid_maze, serial_shops, nicolae_take_the_stairs,
          gammafunk_ghost_grave
Snake:2:  layout_concentric_octagons, uniq_louise
Snake:3:  layout_rooms, basic_altar, st_stairs_11,
          nicolae_shop_overcharged_wands, serial_bayou_shore_a
Snake:4:  grunt_snake_rune_spirals, layout_onion_interference,
          gammafunk_ghost_split, nicolae_shop_gadgets
Slime:1:  layout_caves
Slime:2:  layout_caves
Slime:3:  cheibrodos_slime_lost_civilization_10, layout_caves
Slime:4:  layout_caves
Slime:5
Orc:1:    layout_caves, serial_shops, nicolae_shop_stone,
          kennysheep_orc_sif_temple
Orc:2:    grunt_orc_community_town_hall, layout_caves,
          grunt_orc_community_big_house_1, grunt_orc_community_big_house_1,
          grunt_orc_community_house_1, grunt_orc_community_house_3,
          grunt_orc_community_house_2, grunt_orc_community_house_3,
          grunt_orc_community_house_1
Elf:1:    eino_elf_arrival_customs, layout_loops_corners, serial_shops, shop,
          shop, nicolae_shop_hallway_plus, nicolae_shop_hallway_stairs,
          minmay_elf_sorcery, nicolae_alphabet_shops, uniq_roxanne
Elf:2:    nicolae_elf_blades_crystal_corner, layout_onion_city
Elf:3:    minmay_elf_hall_statues, layout_loops_corners, st_stairs_13
Vaults:1: gammafunk_ghost_wrathful_warriors, hangedman_vaults_stagger,
          nicolae_vaults_circle_grid_b, ontoclasm_vaults_shout, v_rooms_6,
          nicolae_vaults_network_quinsquares
          [nicolae_vaults_network_quincunx_subvault,
          nicolae_vaults_network_quincunx_subvault,
          nicolae_vaults_network_quincunx_subvault,
          nicolae_vaults_network_quincunx_subvault], v_alt_pattern_6,
          ontoclasm_vaults_chip, vaults_room_door_ring,
          ontoclasm_vaults_decontamination, nicolae_vaults_asterisk, v_misc_27,
          layout_vaults_chaotic_city, serial_shops, nicolae_square_shop
Vaults:2: v_misc_11, nicolae_vaults_rhombus_5, minmay_crypt_entry_necro_gods,
          door_vault, hangedman_vaults_corner_blocks, v_pattern_3,
          nicolae_vaults_theta, vaults_dpeg_ring, ontoclasm_vaults_pinch,
          layout_vaults_quadrants, serial_shops, shop
Vaults:3: dpeg_vaults_monster_box, v_alt_pattern_3, nicolae_vaults_alarming,
          minmay_guarded_unrand_secular_launcher, grunt_vaults_diagonal,
          vaults_standard_mumra_lines, v_misc_15, hangedman_vaults_maws,
          layout_vaults_omnicross
Vaults:4: portal_desolation_entry_nicolae_nacl, v_misc_8, nicolae_vaults_arrows,
          nicolae_vaults_little_squares_6, v_rooms_6,
          vaults_room_grunt_arrival_checkpoint, grunt_vaults_funnel,
          ontoclasm_vaults_eye, nicolae_vaults_network_square,
          nicolae_vaults_little_ls, vaults_dpeg_diagonal,
          vaults_dpeg_encased_lava, nicolae_vaults_know_your_exits,
          layout_vaults_omnibox, serial_shops, shop, shop,
          nicolae_shop_temple_entry_statues_fountains,
          nicolae_shop_advertising_works [nicolae_subvault_shop_adworks],
          serial_hangedman_research, uniq_saint_roka, uniq_bai_suzhen
Vaults:5
Crypt:1:  layout_gridlike, nicolae_crypt_twisting_catacombs, grunt_ministairs_5,
          nicolae_crypt_cryptocurrency
Crypt:2:  layout_catacombs, roderic_lattice_octagonal_star, uniq_xtahua
Crypt:3:  quadcrypt_mu
Tomb:1
Tomb:2
Tomb:3
Depths:1: layout_roguey, nicolae_integral_box, pf_hell_entry_great_geh,
          yredelemnul_altar_generic
Depths:2: nzn_winding_woodlands_large [nzn_winding_woodlands_5x5_checkerboard,
          nzn_winding_woodlands_5x15_parted, nzn_winding_woodlands_5x5_default,
          nzn_winding_woodlands_center_garden,
          nzn_winding_woodlands_15x15_thick_spiral,
          nzn_winding_woodlands_center_lodge, nzn_winding_woodlands_5x5_three,
          nzn_winding_woodlands_5x15_split_checker,
          nzn_winding_woodlands_5x5_default], layout_gridville,
          rand_demon_pan_entry_4, pf_coc_iceberg, corexii_hall_statues_x
Depths:3: minmay_the_grid_four_pointed_star
          [minmay_the_grid_triangle_9x9_zippers_vertical,
          minmay_the_grid_triangle_9x9_cache,
          minmay_the_grid_triangle_9x9_windchime,
          minmay_the_grid_triangle_9x9_sprig,
          minmay_the_grid_prize_diamond_cup], layout_gridlike, enter_ziggurat_d,
          hell_entry, patterned_corridor, abyss_entry_small_statue_room,
          hellmonk_ghost_happy_afterlife, minmay_crystal_room,
          kennysheep_generic_room_3
Depths:4: lemuel_castle_with_subvaults [lemuel_castle_interior_original],
          layout_gridlike, chequers_serial_rivers_room_a, serial_shops,
          nicolae_shop_bloodbath_and_beyond, hellmouth_2,
          rand_demon_pan_entry_1, grunt_decor_junction
Zot:1:    layout_gridlike, grunt_megastairs_1, uniq_tiamat
Zot:2:    layout_gridlike, nicolae_rock_paper_scissors
Zot:3:    gammafunk_dig_for_victory, layout_onion, lemuel_elevator
Zot:4:    layout_concentric_octagons, hangedman_swamp_dais, uniq_grunn
Zot:5:    layout_twisted_circle

Skill      XL: |  1  2  3  4  5  6  7  8  9 10 11 12 13 14 15 16 17 18 19 20 21 22 23 24 25 26 27 |
---------------+----------------------------------------------------------------------------------+-----
Short Blades   | 1 2 3 4 6 8 10 | 10.0
Stealth        | 3 4 16 | 16.8
Hexes          | 4 6 7 |  7.2
Summonings     | 4 6 9 12 14 17 19 21 22 | 22.2
Fighting       | 2 4 6 9 10 12 14 17 19 | 19.9
Spellcasting   | 3 4 6 8 10 11 13 14 15 16 17 18 | 18.8
Evocations     | 2 |  2.2
Dodging        | 3 5 7 9 10 12 13 20 | 20.3
Translocations | 4 5 |  5.0
Shields        | 2 4 10 14 15 17 | 17.3
Armour         | 1 4 6 8 18 | 18.0
Fire Magic     | 1 9 15 20 22 | 22.7
Conjurations   | 7 13 22 | 22.8
Earth Magic    | 3 4 |  4.3
Necromancy     | 6 16 | 16.5
Transmutations | 16 | 16.7

Action                   |  1- 3 |  4- 6 |  7- 9 | 10-12 | 13-15 | 16-18 | 19-21 | 22-24 | 25-27 || total
-------------------------+-------+-------+-------+-------+-------+-------+-------+-------+-------++-------
Melee: Dagger            |   166 |   281 |   296 |   410 |   714 |   287 |   209 |   294 |   616 ||  3273
       Punch             |     1 |     4 |     2 |     4 |     5 |       |       |       |       ||    16
       Headbutt          |       |       |    54 |    88 |   195 |    78 |    80 |   123 |   255 ||   873
       Short sword       |       |       |       |       |       |       |       |       |    17 ||    17
Throw: Stone             |     5 |       |       |       |       |       |       |       |       ||     5
       Dart              |       |     9 |    12 |     3 |       |       |       |       |       ||    24
       Javelin           |       |       |       |       |       |     2 |       |       |       ||     2
 Cast: Tukima's Dance    |       |     2 |    20 |    25 |       |       |       |       |       ||    47
       Confusing Touch   |       |     1 |     6 |    10 |       |       |       |       |       ||    17
       Call Canine Famil |       |       |     2 |    25 |     1 |       |       |       |       ||    28
       Summon Lightning  |       |       |       |    35 |     9 |       |       |       |       ||    44
       Summon Forest     |       |       |       |    10 |    23 |    14 |     4 |       |       ||    51
       Summon Hydra      |       |       |       |       |   241 |    83 |       |       |       ||   324
       Dragon's Call     |       |       |       |       |     1 |    39 |    40 |    53 |    75 ||   208
       Iron Shot         |       |       |       |       |       |    18 |   127 |   214 |   243 ||   602
       Summon Horrible T |       |       |       |       |       |       |    29 |    14 |    48 ||    91
       Death Channel     |       |       |       |       |       |       |     9 |    33 |    58 ||   100
       Ignition          |       |       |       |       |       |       |       |     6 |   182 ||   188
       Sublimation of Bl |       |       |       |       |       |       |       |       |   160 ||   160
       Fire Storm        |       |       |       |       |       |       |       |       |    29 ||    29
       Necromutation     |       |       |       |       |       |       |       |       |    24 ||    24
Invok: Curse Item        |       |     1 |     4 |     2 |     2 |     3 |     3 |     1 |     2 ||    18
       Shatter the Chain |       |       |       |       |     2 |     3 |     1 |     1 |     1 ||     8
Evoke: Wand              |       |       |     3 |    15 |    13 |       |       |       |     7 ||    38
       Condenser vane    |       |       |       |       |     1 |       |       |       |     3 ||     4
       Phantom mirror    |       |       |       |       |       |       |     1 |       |       ||     1
  Use: Scroll            |       |     8 |     8 |     1 |    17 |     6 |     5 |     8 |    47 ||   100
       Potion            |       |     3 |     1 |     1 |     7 |     9 |       |     3 |    27 ||    51
 Stab: Sleeping          |     7 |     4 |     9 |     9 |    11 |     3 |     1 |     3 |     1 ||    48
       Distracted        |       |     2 |     2 |     9 |    15 |     6 |    12 |    10 |    27 ||    83
       Confused          |       |     2 |     1 |     5 |       |       |       |       |       ||     8
       Invisible         |       |       |       |       |     1 |       |       |       |       ||     1
       Fleeing           |       |       |       |       |       |       |     1 |       |     1 ||     2
Armor: Robe              |    29 |    40 |    46 |    71 |    76 |       |       |       |       ||   262
       Steam dragon scal |       |       |       |       |   103 |    87 |    45 |    54 |   245 ||   534
Dodge: Dodged            |    81 |   140 |   106 |   229 |   433 |   146 |   124 |   117 |   742 ||  2118
Block: Buckler           |       |       |       |       |   128 |    48 |    20 |       |       ||   196
       Kite shield       |       |       |       |       |       |       |    24 |       |       ||    24
       Tower shield      |       |       |       |       |       |       |   129 |   276 |  1151 ||  1556
